 Dungeon Crawl Stone Soup version 0.32-a0-145-g5e87250 (webtiles) character file.

Game seed: 7211791779354419306

3138668 jagoly the Draconian Porcupine (level 27, 213/237 HPs)
             Began as a White Draconian Alchemist on Feb 10, 2024.
             Was the Champion of Hepliaklqana.
             Escaped with the Orb
             ... and 5 runes on Feb 11, 2024!
             The game lasted 06:52:52 (71765 turns).

jagoly the Draconian Porcupine (DrAl)              Turns: 71765, Time: 06:52:53

Health: 213/237    AC: 25    Str: 15 (18) XL:     27
Magic:  38/38      EV: 27    Int: 27      God:    Hepliaklqana [******]
Gold:   4516       SH:  0    Dex: 22 (25) Spells: 3/58 levels left

rFire   + . .        a - +5 Lochaber axe {reach-cleave, Poleaxe ^Drain}
rCold   + . .        (shield currently unavailable)
rNeg    + . .        (body armour unavailable)
rPois   +            j - +2 hat
rElec   +            b - +4 dragonskin cloak
rCorr   .            U - +1 pair of gloves "Calas" {rElec Dex+7}
SInv    +            G - +2 pair of boots
Will    +++++        I - amulet "Rimanw Ydick" {+Blink rElec rPois Will+++ Regen+}
Stlth   ++           v - ring of the Ban {Will+ Str+3 Int+4 Dex+6}
HPRegen 1.39/turn    S - ring "Doinut" {rN+ Slay+2 SInv}
MPRegen 0.26/turn

%: clarity
@: studying 3 skills
A: reduced essence, breathe frost, AC +13, unfitting armour, cold resistance 1,
cold-blooded, clarity, dopey 1, fire resistance 1, low MP 1, noise suppression,
persistent drain
0: Orb of Zot
}: 5/15 runes: decaying, serpentine, slimy, silver, abyssal
a: Breathe Frost, Renounce Religion, Evoke Blink, Recall Ancestor, Ancestor
Identity, Transference, Idealise


You escaped.
You worshipped Hepliaklqana.
Hepliaklqana was exalted by your worship.
You visited 11 branches of the dungeon, and saw 55 of its levels.
You visited the Abyss 3 times.
You visited 2 bazaars.
You visited 1 ziggurat, and saw 8 of its levels.
You also visited: Trove, Sewer, Ice Cave and Volcano.

You collected 10355 gold pieces.
You spent 5839 gold pieces at shops.

Inventory:

Hand Weapons
 a - the +5 Lochaber axe (weapon) {reach-cleave, Poleaxe ^Drain}
   (You found it on level 1 of the Snake Pit)

   Poleaxe:   It uses either Axes or Polearms skill, whichever is higher.
   ^Drain:    It drains your maximum health when unequipped.
Missiles
 f - 17 curare-tipped darts
 D - 47 boomerangs
Armour
 b - the +4 dragonskin cloak (worn)
   (You took it off Tiamat on level 2 of the Realm of Zot)

   Avatar's Aegis: It grants the wearer a chance to resist fire, cold, poison,
   electricity, acid, and negative energy.
 j - a +2 hat (worn)
 G - a +2 pair of boots (worn)
 U - the +1 pair of gloves "Calas" (worn) {rElec Dex+7}
   (You bought it in a shop on level 7 of the Dungeon)

   Dex+7:     It affects your dexterity (+7).
   rElec:     It insulates you from electricity.
Jewellery
 c - the ring "Kiymapot" {rF+ Int+2}
   (You found it in a treasure trove)

   [ring of protection from fire]

   Int+2:     It affects your intelligence (+2).
   rF+:       It protects you from fire.
 v - the ring of the Ban (left hand) {Will+ Str+3 Int+4 Dex+6}
   (You bought it in a shop in a bazaar)

   [ring of dexterity]

   Str+3:     It affects your strength (+3).
   Int+4:     It affects your intelligence (+4).
   Dex+6:     It affects your dexterity (+6).
   Will+:     It increases your willpower.
 A - a ring of flight
 I - the amulet "Rimanw Ydick" (around neck) {+Blink rElec rPois Will+++ Regen+}
   (You found it on level 3 of the Crypt)

   [amulet of regeneration]

   rElec:     It insulates you from electricity.
   rPois:     It protects you from poison Will+++: It greatly increases your
   willpower.
   +Blink:    It lets you blink.
   Regen+:    It increases your rate of health regeneration.
 S - the ring "Doinut" (right hand) {rN+ Slay+2 SInv}
   (You found it on level 3 of the Crypt)

   [ring of positive energy]

   Slay+2:    It affects your accuracy & damage with ranged weapons and melee
   (+2).
   rN+:       It protects you from negative energy.
   SInv:      It lets you see invisible.
 X - the ring of Kyptoykh {rPois rF+ rC+ rCorr}
   (You took it off a deep elf sorcerer on level 3 of the Elven Halls)

   [ring of protection from fire]

   rF+:       It protects you from fire.
   rC+:       It protects you from cold.
   rPois:     It protects you from poison rCorr: It protects you from acid and
   corrosion.
Wands
 s - a wand of mindburst (25)
 B - a wand of digging (3)
 C - a wand of acid (41)
 Q - a wand of roots (39)
 W - a wand of paralysis (37)
Scrolls
 d - a scroll of butterflies
 h - 8 scrolls of immolation
 k - 7 scrolls of fog
 m - a scroll of brand weapon
 o - 16 scrolls of teleportation
 q - 11 scrolls of fear
 r - 10 scrolls of vulnerability
 u - 2 scrolls of enchant weapon
 y - 6 scrolls of blinking
 J - 9 scrolls of poison
 K - 8 scrolls of enchant armour
 O - 2 scrolls of revelation
 T - 3 scrolls of amnesia
 V - 4 scrolls of silence
Potions
 e - 4 potions of magic
 i - 14 potions of curing
 l - 14 potions of mutation
 n - 3 potions of ambrosia
 t - 3 potions of resistance
 x - 8 potions of haste
 z - 7 potions of brilliance
 E - 7 potions of enlightenment
 F - 9 potions of might
 M - 14 potions of heal wounds
 N - 4 potions of cancellation
 P - 2 potions of attraction
 R - 4 potions of invisibility
Miscellaneous
 p - a phantom mirror
 w - a phial of floods
 H - a box of beasts
 L - a lightning rod (4/4)
 Y - a condenser vane


   Skills:
 + Level 24.9 Fighting
 O Level 27 Polearms
 - Level 2.0 Throwing
 - Level 18.0 Dodging
 - Level 8.0 Stealth
 - Level 6.0 Shields
 - Level 16.0 Spellcasting
 - Level 8.0 Conjurations
 - Level 4.0 Hexes
 - Level 8.0 Necromancy
 - Level 2.0 Translocations
 - Level 4.0 Fire Magic
 - Level 20.0 Ice Magic
 - Level 12.0 Alchemy
 - Level 8.0 Invocations
 - Level 12.0 Evocations


You had 3 spell levels left.
You knew the following spells:

 Your Spells              Type           Power      Damage    Failure   Level
d - Dispel Undead         Necr           59%        3d21      1%          4
h - Hailstorm             Conj/Ice       77%        3d13      1%          3
n - Eringya's Noxious Bo  Alch           36%        4d6       2%          6
q - Apportation           Tloc           64%        N/A       1%          1
s - Sculpt Simulacrum     Ice/Alch       41%        N/A       1%          6
t - Frozen Ramparts       Ice            100%       1d16      0%          3
y - Yara's Violent Unrav  Hex/Alch       29%        3d12      2%          5
A - Ozocubu's Armour      Ice            92%        N/A       0%          3
B - Blink                 Tloc           64%        N/A       1%          2
P - Ignite Poison         Fire/Alch      59%        N/A       1%          4
R - Olgreb's Toxic Radia  Alch           72%        N/A       1%          4
T - Irradiate             Conj/Alch      33%        3d22      1%          5
X - Ozocubu's Refrigerat  Ice            46%        4d17      1%          7
Z - Sublimation of Blood  Necr           59%        N/A       1%          2

Your spell library contained the following spells:

 Spells                   Type           Power      Damage    Failure   Level
 Foxfire                  Conj/Fire      100%       2x1d9     1%          1
 Kiss of Death            Conj/Necr      100%       2d13      1%          1
 Magic Dart               Conj           100%       1d8       1%          1
 Necrotise                Necr           100%       1d9       1%          1
 Shock                    Conj/Air       100%       1d9       1%          1
 Sting                    Conj/Alch      100%       1d9       1%          1
 Cigotuvi's Dreadful Rot  Necr/Alch/Air  100%       N/A       1%          2
 Ensorcelled Hibernation  Hex/Ice        100%       N/A       1%          2
 Jinxbite                 Hex            86%        N/A       1%          2
 Lesser Beckoning         Tloc           64%        N/A       1%          2
 Mercury Vapours          Alch/Air       100%       N/A       1%          2
 Momentum Strike          Conj/Tloc      96%        3d10      1%          2
 Scorch                   Fire           86%        2d8       1%          2
 Static Discharge         Conj/Air       86%        3-7/arc   1%          2
 Confusing Touch          Hex            43%        N/A       1%          3
 Dazzling Flash           Conj/Hex       100%       N/A       1%          3
 Fugue of the Fallen      Necr           59%        N/A       1%          3
 Inner Flame              Hex/Fire       43%        N/A       1%          3
 Mephitic Cloud           Conj/Alch/Air  55%        N/A       1%          3
 Sigil of Binding         Hex            43%        N/A       1%          3
 Summon Ice Beast         Ice/Summ       66%        N/A       1%          3
 Tukima's Dance           Hex            43%        N/A       1%          3
 Vampiric Draining        Necr           59%        2d10      1%          3
 Summon Small Mammal      Summ           84%        N/A       2%          1
 Call Imp                 Summ           42%        N/A       3%          2
 Gell's Gravitas          Tloc           32%        N/A       3%          3
 Teleport Other           Tloc           32%        N/A       3%          3
 Call Canine Familiar     Summ           21%        N/A       7%          3
 Swiftness                Air            21%        N/A       7%          3
 Anguish                  Hex/Necr       26%        N/A       1%          4
 Flame Wave               Conj/Fire      52%        2d13      1%          4
 Leda's Liquefaction      Alch/Erth      26%        N/A       1%          4
 Petrify                  Alch/Erth      52%        N/A       1%          4
 Sticky Flame             Fire/Alch      59%        2d10      1%          4
 Freezing Cloud           Conj/Ice/Air   32%        6-21      1%          5
 Metabolic Englaciation   Hex/Ice        36%        N/A       1%          5
 Curse of Agony           Necr           59%        N/A       2%          5
 Iskenderun's Battlesphe  Conj           59%        2d11      2%          5
 Brom's Barrelling Bould  Conj/Erth      43%        2d6       4%          4
 Cause Fear               Hex            21%        N/A       4%          4
 Martyr's Knell           Necr/Summ      43%        N/A       4%          4
 Fireball                 Conj/Fire      26%        3d12      5%          5
 Dimensional Bullseye     Hex/Tloc       18%        N/A       7%          4
 Manifold Assault         Tloc           32%        N/A       10%         4
 Passage of Golubria      Tloc           32%        N/A       10%         4
 Summon Blazeheart Golem  Fire/Summ      32%        N/A       10%         4
 Arcjolt                  Conj/Air       21%        1d31      12%         5
 Death Channel            Necr           29%        N/A       13%         6
 Vhi's Electric Charge    Tloc/Air       54%        N/A       16%         4
 Airstrike                Air            10%        2d(2-18)  22%         4
 Summon Lightning Spire   Summ/Air       21%        N/A       22%         4
 Silence                  Hex/Air        16%        N/A       28%         5
 Starburst                Conj/Fire      26%        6d8       30%         6
 Summon Forest            Summ/Tloc      13%        N/A       38%         5
 Lee's Rapid Deconstruct  Erth           10%        3d8*      54%         5
 Bombard                  Conj/Erth      21%        9d4       56%         6
 Conjure Ball Lightning   Conj/Air       21%        3x3d6     56%         6
 Orb of Destruction       Conj           29%        9d9       58%         7
 Dispersal                Tloc           16%        N/A       83%         6
 Plasma Beam              Fire/Air       16%        2x1d27    83%         6
 Summon Cactus Giant      Summ           10%        N/A       98%         6
 Enfeeble                 Hex            21%        N/A       98%         7
 Summon Hydra             Summ           10%        N/A       100%        7
 Discord                  Hex            21%        N/A       100%        8
 Disjunction              Tloc           16%        N/A       100%        8
 Maxwell's Capacitive Co  Air            10%        ∞         100%        8
 Dragon's Call            Summ           10%        N/A       100%        9
 Animate Armour           Summ/Erth      Unusable   N/A       N/A         4

Dungeon Overview and Level Annotations

Branches:
Dungeon (15/15)            Temple (0/1) D:4            Lair (5/5) D:11
  Swamp (4/4) Lair:3        Snake (4/4) Lair:2        Slime (5/5) Lair:5
    Orc (2/2) D:9             Elf (3/3) Orc:2        Vaults (5/5) D:13
  Crypt (3/3) Vaults:3       Tomb (0/3) Crypt:3      Depths (4/4) D:15
    Zot (5/5) Depths:4      Sewer (visited)           IceCv (visited)
Volcano (visited)

Altars:
Fedhas
Hepliaklqana
Kikubaaqudgha
Makhleb
Okawaru
Qazlal
Yredelemnul
Zin
Jiyva

Shops:
D:2 !*?   D:5 :   D:6 =   D:7 *   Orc:1 ?   Orc:2 :[[(   Snake:1 *([[[
Snake:2 =   Vaults:2 ?   Depths:2 *

Portals:
Hell: Depths:1 Depths:2 Depths:3 Depths:4
Abyss: Depths:3 Depths:4
Pandemonium: Depths:2

Annotations:
Elf:2 3 runed translucent doors
Zot:5 2 exclusions


Innate Abilities, Weirdness & Mutations

Your life essence is reduced to manifest your ancestor. (-10% HP)
You can breathe waves of freezing cold which knock back foes.
Your icy white scales are hard. (AC +13)
You cannot fit into any form of body armour.
Your flesh is cold resistant. (rC+)
You are cold-blooded and may be slowed by cold attacks.
You possess an exceptional clarity of mind.
You are dopey. (Int -2)
Your flesh is heat resistant. (rF+)
Your magical capacity is low. (-10% MP)
You passively dampen the noise of your surroundings.
Your health recovers twice as slowly from being drained.


Message History

You struggle against the net.
The Killer Klown blinks!
The cacodemon gestures at you. The bolt of devastation hits you!!!
Your willpower is stripped away!
* * * LOW HITPOINT WARNING * * *
The dread lich gestures wildly while chanting.
The Orb Guardian hits you but does no damage.
The electric golem blinks!
The Orb Guardian barely misses you.
Press: ? - help, v - describe, . - travel
Here: an Orb Guardian (moderately wounded)
The floor, spattered with blood.
Unknown command.
Unknown command.
As you read the scroll of butterflies, it crumbles to dust.
You hear the flapping of tiny wings.
Your butterfly is knocked back by the sudden gust.
The Orb Guardian is knocked back by the sudden gust.
The Killer Klown is knocked back by the sudden gust.
The white draconian is knocked back by the sudden gust.
The Orb Guardian is knocked back by the sudden gust. x2
The electric golem barely misses your butterfly.
The electric golem completely misses your butterfly.
The electric golem misses your butterfly.
The electric golem hits your butterfly.
Your butterfly dies!
Your butterfly disappears in a burst of colours!
The ancient lich touches your butterfly!
Your butterfly dies!
Your butterfly disappears in a burst of colours!
A dread lich comes into view.
The Orb Guardian barely misses your butterfly.
The Killer Klown blinks!
The Orb Guardian barely misses your butterfly.
You are too injured to fight recklessly!
You struggle against the net.
The electric golem hits your butterfly.
Your butterfly dies!
Your butterfly disappears in a burst of colours!
The Orb Guardian completely misses your butterfly.
The orb of fire glows yellow.
Your butterfly twists and deforms.
The Killer Klown blinks!
The white draconian hits your butterfly with a +0 war axe!
Your butterfly dies!
Your butterfly disappears in a burst of colours!
The white draconian hits your butterfly with a +0 war axe.
Your butterfly dies!
Your butterfly disappears in a burst of colours!
The white draconian hits your butterfly with a +0 war axe!
Your butterfly dies!
Your butterfly disappears in a burst of colours!
The Orb Guardian misses your butterfly.
The electric golem hurls lightning at you.
The bolt of lightning misses your butterfly. x2
The bolt of lightning hits you! You resist.
* * * LOW HITPOINT WARNING * * *
The bolt of lightning hits you! You resist.
* * * LOW HITPOINT WARNING * * *
The bolt of lightning hits your butterfly!!!
Your butterfly dies!
Your butterfly disappears in a burst of colours!
You struggle against the net.
The electric golem blinks!
The Orb Guardian hits your butterfly!!
Your butterfly dies!
Your butterfly disappears in a burst of colours!
The Orb Guardian barely misses your butterfly.
The cacodemon gestures at you.
The bolt of devastation misses your butterfly.
The bolt of devastation hits you!!
* * * LOW HITPOINT WARNING * * *
The Orb Guardian misses you.
The Killer Klown blinks!
The ancient lich casts a spell.
The ancient lich seems to speed up.
The white draconian hits your butterfly with a +0 war axe!!
Your butterfly dies!
Your butterfly disappears in a burst of colours!
The white draconian hits your butterfly with a +0 war axe!
Your butterfly dies!
Your butterfly disappears in a burst of colours!
The white draconian misses your butterfly.
As you read the scroll of butterflies, it crumbles to dust.
You hear the flapping of tiny wings.
Your butterfly is knocked back by the sudden gust. x2
The ancient lich is knocked back by the sudden gust.
Your butterfly is knocked back by the sudden gust.
The Orb Guardian is knocked back by the sudden gust.
Your butterfly is knocked back by the sudden gust.
The Orb Guardian is knocked back by the sudden gust. x2
The electric golem blinks!
The Orb Guardian completely misses your butterfly.
The Orb Guardian hits your butterfly!
Your butterfly dies!
Your butterfly disappears in a burst of colours!
The cacodemon closely misses your butterfly.
The cacodemon hits your butterfly.
Your butterfly dies!
Your butterfly disappears in a burst of colours!
The Orb Guardian hits your butterfly!!
Your butterfly dies!
Your butterfly disappears in a burst of colours!
The orb of fire glows bright magenta.
The bolt of fire hits your butterfly!!!
Your butterfly dies!
Your butterfly disappears in a burst of colours!
The bolt of fire hits your butterfly!!!
Your butterfly dies!
Your butterfly disappears in a burst of colours!
The bolt of fire misses your butterfly. The bolt of fire hits you! You resist.
* * * LOW HITPOINT WARNING * * *
The electric golem crackles and sizzles.
The white draconian breathes frost at you.
The blast of cold misses your butterfly.
The blast of cold hits your butterfly!
Your butterfly dies!
Your butterfly disappears in a burst of colours!
The blast of cold hits you. You resist.
* * * LOW HITPOINT WARNING * * *
The dread lich gestures wildly while chanting.
The dread lich seems to speed up.
As you read the scroll of fog, it dissolves into smoke.
Your surroundings suddenly seem different.
You cannot drink potions in your current state!
You see here 6 atropa-tipped darts.
Unknown command.
You start to feel less resistant.
Unknown command.
Unknown command.
Your resistance to elements expires.
You can drink potions again.
You feel a little less mighty now.
You feel yourself speed up.
You feel much better.
You feel much better.
You feel much better.
You feel your willpower return.
You feel much better.
A demonic crawler comes into view.
The demonic crawler closely misses you.
The demonic crawler completely misses you. x2
You feel a little less clever now. The demonic crawler hits you!
The demonic crawler misses you.
The demonic crawler completely misses you.
Reach: a) +5 Lochaber axe {reach-cleave, Poleaxe ^Drain}
Press: ? - help, Dir - move target, f - demonic crawler
Aim: a demonic crawler (about 14% to evade the +5 Lochaber axe)
You slice the demonic crawler!!
The demonic crawler is heavily wounded.
The demonic crawler hits you but does no damage.
The demonic crawler closely misses you.
The demonic crawler completely misses you.
Reach: a) +5 Lochaber axe {reach-cleave, Poleaxe ^Drain}
Press: ? - help, Dir - move target, f/p - demonic crawler
Aim: a demonic crawler (heavily wounded, ally target, about 14% to evade the +5 Lochaber axe)
You slice the demonic crawler!!
Your tail-slap misses the demonic crawler.
The demonic crawler is almost dead.
Reach: a) +5 Lochaber axe {reach-cleave, Poleaxe ^Drain}
Press: ? - help, Dir - move target, f/p - demonic crawler
Aim: a demonic crawler (almost dead, ally target, about 14% to evade the +5 Lochaber axe)
You hit the demonic crawler.
You kill the demonic crawler!
Aiming: Dig
Press: ? - help, Shift-Dir - straight line A rock wall.
This square is covered in magical glow.
The rock shatters into small pieces.
There is a stone staircase leading up here.
You feel better.
You feel better.
You feel better.
You feel better.
Your extra speed is starting to run out.
You feel better.
You climb upwards.
There is a stone staircase leading down here.
What level of the Dungeon? (default 15, ? - help)
You swap places.
You feel yourself slow down.
There is an open door here.
There is an open door here.
You open the door.
HP restored.
There is an open door here.
There is a stone staircase leading up here.
You climb upwards.
There is a stone staircase leading down here.
There is a stone staircase leading up here.
You climb upwards.
There is a stone staircase leading down, spattered with blood here.
Things that are here:
+0 shadow dragon scales; a shadow dragon skeleton
Things that are here:
a +0 cloak; a green draconian skeleton You see here a +0 halberd.
There is a stone staircase leading up here.
You climb upwards.
There is a stone staircase leading down here.
You swap places.
There is a gate leading back out of this place here.
You go up through the gate.
Welcome back to the Depths!
There is a gate to the Realm of Zot here.
Things that are here:
a +0 cloak; a +0 whip; a yellow draconian skeleton
Things that are here:
a +4 dire flail of holy wrath; a white draconian skeleton
There is an open door, spattered with blood here.
A Brimstone Fiend comes into view.
There is a stone staircase leading up here.
The Brimstone Fiend gestures at you.
The sphere of damnation explodes!
The damnation engulfs you!!
You climb upwards.
There is a stone staircase leading down here.
Every Other Drac is recalled.
What level of the Dungeon? (default 1, ? - help) Magic restored.
A shadow demon comes into view.
The shadow demon moves out of view.
There is a stone staircase leading up here.
You climb upwards.
There is a stone staircase leading down here.
What level of the Dungeon? (default 1, ? - help)
A hellion comes into view.
You barely miss the hellion. You slice the hellion!!
The hellion is heavily wounded.
You closely miss the hellion.
The hellion is heavily wounded.
You open the hellion like a pillowcase!!!
You kill the hellion!
What level of the Dungeon? (default 1, ? - help)
There is an open door here.
There is a stone staircase leading up here.
You climb upwards.
There is a stone staircase leading down here.
Things that are here:
a +0 troll leather armour; an iron troll skeleton You see here a +0 leather armour.
There is a staircase back to the Dungeon here.
You climb upwards.
Welcome back to the Dungeon!
There is a staircase to the Depths here.
There is a stone staircase leading up here.
You climb upwards.
There is a stone staircase leading down here.
There is a stone staircase leading up here.
You climb upwards.
There is a stone staircase leading down here.
You see here a shapeshifter skeleton.
A blizzard demon comes into view.
The blizzard demon moves out of view.
There is a stone staircase leading up here.
You climb upwards.
There is a stone staircase leading down here.
What level of the Dungeon? (default 1, ? - help)
There is an open door here.
There is an open door here.
There is a stone staircase leading up here.
There is an open door here.
There is an open door here.
An Orb Guardian comes into view.
There is a stone staircase leading up here.
You climb upwards.
There is a stone staircase leading down here.
What level of the Dungeon? (default 1, ? - help)
Okay, then.
Every Other Drac is recalled.
What level of the Dungeon? (default 1, ? - help) Magic restored.
An Orb Guardian comes into view.
You miss the Orb Guardian.
Every Other Drac gestures wildly while chanting.
Every Other Drac seems to speed up.
You slash the Orb Guardian!
The Orb Guardian is lightly wounded.
Every Other Drac hits the Orb Guardian with a +0 broad axe of speed.
You closely miss the Orb Guardian.
The Orb Guardian is lightly wounded.
Every Other Drac hits the Orb Guardian with a +0 broad axe of speed!
You slice the Orb Guardian!!
The Orb Guardian is heavily wounded.
The Orb Guardian misses you.
Every Other Drac hits the Orb Guardian with a +0 broad axe of speed!
You barely miss the Orb Guardian.
You tail-slap the Orb Guardian, but do no damage.
The Orb Guardian is severely wounded.
Every Other Drac hits the Orb Guardian with a +0 broad axe of speed!
The Orb Guardian misses you.
You barely miss the Orb Guardian.
The Orb Guardian is almost dead.
Every Other Drac hits the Orb Guardian with a +0 broad axe of speed!!
The Orb Guardian dies!
What level of the Dungeon? (default 1, ? - help)
There is a stone staircase leading up here.
You climb upwards.
There is a stone staircase leading down here.
There is an open door here.
There is a stone staircase leading up here.
You climb upwards.
There is a stone staircase leading down here.
You swap places.
There is a stone staircase leading up here.
You climb upwards.
There is a stone staircase leading down here.
An Ice Fiend comes into view.
Cast which spell? (? or * to list)
Okay, then.
Okay, then.
You swap places.
Every Other Drac hits the Ice Fiend with a +0 broad axe of speed!
Hepliaklqana grants Every Other Drac healing and protection!
Every Other Drac hits the Ice Fiend with a +0 broad axe of speed!
The Ice Fiend gestures at you.
The bolt of cold hits Every Other Drac!
Every Other Drac resists.
The bolt of cold hits you!! You resist.
Every Other Drac hits the Ice Fiend with a +0 broad axe of speed!
The Ice Fiend gestures at you.
The bolt of cold misses Every Other Drac.
The bolt of cold misses you.
Every Other Drac hits the Ice Fiend with a +0 broad axe of speed!
Reach: a) +5 Lochaber axe {reach-cleave, Poleaxe ^Drain}
Press: ? - help, Dir - move target, f - Ice Fiend
Aim: an Ice Fiend (heavily wounded, ally target, about 14% to evade the +5 Lochaber axe)
You hit the Ice Fiend.
The Ice Fiend is heavily wounded.
Reach: a) +5 Lochaber axe {reach-cleave, Poleaxe ^Drain}
Press: ? - help, Dir - move target, f/p - Ice Fiend
Aim: an Ice Fiend (heavily wounded, ally target, about 14% to evade the +5 Lochaber axe)
You hit the Ice Fiend but do no damage.
The Ice Fiend is heavily wounded.
Every Other Drac hits the Ice Fiend with a +0 broad axe of speed!!
The Ice Fiend claws Every Other Drac but does no damage. x2
Reach: a) +5 Lochaber axe {reach-cleave, Poleaxe ^Drain}
Press: ? - help, Dir - move target, f/p - Ice Fiend
Aim: an Ice Fiend (severely wounded, not watching you, ally target, about 14% to evade the +5 Lochaber axe)
You hit the Ice Fiend but do no damage.
The Ice Fiend is severely wounded.
Every Other Drac is no longer moving quickly.
Every Other Drac hits the Ice Fiend with a +0 broad axe of speed!!
The Ice Fiend gestures at you.
The bolt of cold hits Every Other Drac!
Every Other Drac resists.
The bolt of cold hits you! You resist.
Reach: a) +5 Lochaber axe {reach-cleave, Poleaxe ^Drain}
Press: ? - help, Dir - move target, f/p - Ice Fiend
Aim: an Ice Fiend (almost dead, ally target, about 14% to evade the +5 Lochaber axe)
You slice the Ice Fiend like a ripe choko!!!
You kill the Ice Fiend!
What level of the Dungeon? (default 1, ? - help)
You swap places.
Magic restored.
There is a stone staircase leading up here.
You climb upwards.
There is a stone staircase leading down here.
Magic restored.
HP restored.
Every Other Drac loses the glow of perfection.
Ancestor HP restored.
An Executioner comes into view.
The Executioner gestures.
The Executioner seems to speed up.
Every Other Drac hits the Executioner with a +0 broad axe of speed.
Cast which spell? (? or * to list)
You erupt in a fountain of uncontrolled magic!
The Executioner is blasted with magical radiation!!
The Executioner is severely wounded.
You are very lightly contaminated with residual magic.
The Executioner hits you but does no damage.
The Executioner barely misses you. The Executioner completely misses you.
The Executioner hits you but does no damage. x3
Every Other Drac hits the Executioner with a +0 broad axe of speed!
Every Other Drac blocks the Executioner's attack. x3
Cast which spell? (? or * to list)
You erupt in a fountain of uncontrolled magic!
The Executioner is blasted with magical radiation!!!
You kill the Executioner!
You are lightly contaminated with residual magic.
What level of the Dungeon? (default 1, ? - help)
There is a stone staircase leading up here.
You climb upwards.
There is a stone staircase leading down here.
There is a stone staircase leading up here.
You climb upwards.
There is a stone staircase leading down here.
Magic restored.
There is a stone staircase leading up here.
You climb upwards.
There is a stone staircase leading down here.
Magic restored.
Your magical contamination has completely faded away.
A balrug and 3 sun demons come into view.
The balrug is wielding a +2 demon whip of electrocution.
There is a stone staircase leading up here.
Cast which spell? (? or * to list)
The heat is drained from your surroundings.
The balrug is frozen!
The balrug is heavily wounded.
The sun demon is frozen!
The sun demon is moderately wounded.
The sun demon is frozen!
The sun demon is moderately wounded.
The sun demon is frozen!
The sun demon is heavily wounded.
Cast which spell? (? or * to list)
The heat is drained from your surroundings.
The balrug is frozen!
You kill the balrug!
The sun demon is frozen!
The sun demon is severely wounded.
The sun demon is frozen!
The sun demon is severely wounded.
The sun demon is frozen!
You kill the sun demon!
Cast which spell? (? or * to list)
The heat is drained from your surroundings.
The sun demon is frozen!
You kill the sun demon!
The sun demon is frozen!
The sun demon is almost dead.
You barely miss the sun demon.
The sun demon is almost dead.
The sun demon completely misses you.
You barely miss the sun demon.
The sun demon is almost dead.
The sun demon barely misses you.
You closely miss the sun demon.
The sun demon is almost dead.
The sun demon hits you!
You are engulfed in flames.
You resist.
You hit the sun demon but do no damage.
The sun demon is almost dead.
Every Other Drac mumbles some strange words.
Every Other Drac seems to speed up.
You slash the sun demon!
You kill the sun demon!
Cast which spell? (? or * to list)
You draw magical energy from your own body!
Cast which spell? (? or * to list)
You draw magical energy from your own body!
What level of the Dungeon? (default 1, ? - help)
You climb upwards.
There is a stone staircase leading down here.
HP restored.
Items here: )) ÷÷.
Every Other Drac is no longer moving quickly.
There is a stone staircase leading up here.
You climb upwards.
There is a stone staircase leading down here.
You swap places.
You see here a +0 dagger.
A Tzitzimitl comes into view.
Press: ? - help, v - describe, . - travel
Here: a Tzitzimitl The floor.
Unknown command.
The Tzitzimitl calls on the powers of darkness!
Your body is wracked with pain!
Cast which spell? (? or * to list)
You erupt in a fountain of uncontrolled magic!
Every Other Drac avoids your attack.
The Tzitzimitl is blasted with magical radiation!!
The Tzitzimitl is moderately wounded.
The Tzitzimitl twists and deforms.
Every Other Drac avoids your attack.
You are very lightly contaminated with residual magic.
The Tzitzimitl completely misses you. The Tzitzimitl barely misses you.
Cast which spell? (? or * to list)
You erupt in a fountain of uncontrolled magic!
Every Other Drac avoids your attack.
The Tzitzimitl is blasted with magical radiation!!!
The Tzitzimitl is severely wounded.
The Tzitzimitl twists and deforms.
Every Other Drac avoids your attack.
You are lightly contaminated with residual magic.
Every Other Drac closely misses the Tzitzimitl.
The Tzitzimitl closely misses you. The Tzitzimitl completely misses you.
Reach: a) +5 Lochaber axe {reach-cleave, Poleaxe ^Drain}
Press: ? - help, Dir - move target, f - Tzitzimitl
Aim: a Tzitzimitl (severely wounded, misshapen and mutated, ally target, about 33% to evade the +5 Lochaber axe)
You closely miss the Tzitzimitl.
The Tzitzimitl is severely wounded.
Every Other Drac barely misses the Tzitzimitl.
Reach: a) +5 Lochaber axe {reach-cleave, Poleaxe ^Drain}
Press: ? - help, Dir - move target, f/p - Tzitzimitl
Aim: a Tzitzimitl (severely wounded, misshapen and mutated, ally target, about 33% to evade the +5 Lochaber axe)
You barely miss the Tzitzimitl.
The Tzitzimitl is severely wounded.
The Tzitzimitl gestures at you.
The bolt of negative energy hits you but does no damage.
You partially resist.
Reach: a) +5 Lochaber axe {reach-cleave, Poleaxe ^Drain}
Press: ? - help, Dir - move target, f/p - Tzitzimitl
Aim: a Tzitzimitl (severely wounded, misshapen and mutated, ally target, about 33% to evade the +5 Lochaber axe)
You slice the Tzitzimitl!!
The Tzitzimitl is almost dead.
Every Other Drac hits the Tzitzimitl with a +0 broad axe of speed!!
The Tzitzimitl dies!
You feel your intelligence returning.
What level of the Dungeon? (default 1, ? - help)
There is a stone staircase leading up here.
You climb upwards.
There is a stone staircase leading down here.
You see here a quokka skeleton.
Magic restored.
Your magical contamination has completely faded away.
There is a staircase leading out of the dungeon here.
You have escaped!

#.....# ♣♣♣.♣♣
#.##### ♣..♣.♣
#.# ♣.♣.♣♣ #.#
♣....♣ #.#####
♣...♣♣ #.....##
♣♣.♣♣♣ #######
####...##
♣♣♣...♣ #.....#
#.....# ♣....♣♣
#.###.# #.....#
♣♣.@.♣ ##.###.#
####.....# ♣.R.♣
#....#.#
..###...##
♣♣.♣♣♣ #..#.#.##
#.####### ♣♣..♣
#..#.....
.......# ♣♣.♣
##.....##
..####.# ♣..♣♣♣
####### ..####.#
♣..♣>♣ ....##.#
♣♣..♣♣ #####
.##.##.# #####
#..######...####


You could see the friendly Every Other Drac the knight (reflecting).

Vanquished Creatures
  the Royal Jelly (Slime:5)
  3 ancient liches (Vaults:5)
  4 dread liches
  Tiamat (Zot:2)
  Mara (Vaults:4)
  Josephina (Depths:4)
  Xtahua (Vaults:4)
  A Killer Klown (Zig:8)
  2 caustic shrikes (Depths:4)
  A pandemonium lord (Zig:8)
  Norris (Depths:1)
  Nikola (Swamp:2)
  9 golden dragons
  A bone dragon (Crypt:3)
  2 electric golems
  16 tentacled monstrosities
  2 Ice Fiends
  4 Orb Guardians (Zot:5)
  4 liches
  2 deep elf master archers (Elf:3)
  3 quicksilver dragons
  4 titans (Vaults:5)
  A walking frostbound tome (Depths:3)
  9 death cobs
  6 sphinxes
  3 deep elf blademasters (Elf:3)
  An ancient champion (Vaults:3)
  10 acid blobs
  6 tentacled starspawn
  12 shadow dragons
  An Executioner (D:7)
  Aizul (Snake:2)
  11 azure jellies
  Kirke (D:15)
  12 storm dragons
  2 thorn hunters
  2 tengu reavers (Vaults:5)
  6 fire giants
  6 nagarajas
  Donald (Swamp:1)
  5 protean progenitors
  An iron dragon (Vaults:5)
  3 draconian monks
  11 rockslimes
  3 fenstrider witches
  4 ghost moths
  2 narguns (Depths:3)
  7 frost giants
  2 curse skulls
  14 vault wardens
  2 draconian scorchers
  9 deep elf sorcerers
  4 deep elf elementalists (Elf:3)
  2 draconian stormcallers
  4 spectral caustic shrikes (Depths:4)
  3 draconian shifters
  A caustic shrike zombie (Crypt:3)
  2 orc warlords
  Louise (Snake:2)
  18 ironbound preservers
  4 ghouls
  2 balrugs
  A spriggan defender (Depths:2)
  5 draconian annihilators
  8 formless jellyfish
  21 quicksilver oozes
  A reaper (Crypt:1)
  12 stone giants
  25 very ugly things
  8 vampire knights
  4 ironbound thunderhulks
  7 deep elf demonologists
  5 deep elf death magi
  Nessos (D:15)
  5 purple draconians
  An eleionoma (Swamp:4)
  5 black draconians
  8 green draconians
  8 dire elephants
  A wendigo (Depths:3)
  4 war gargoyles (Crypt:3)
  6 red draconians
  3 bunyips
  11 white draconians
  5 deep elf annihilators (Elf:3)
  4 yellow draconians
  A crystal guardian (Crypt:3)
  11 jiangshi
  4 merfolk javelineers
  3 fire dragons
  A blizzard demon (Depths:3)
  An entropy weaver (Zig:7)
  7 yaktaur captains
  Fannar (Lair:2)
  A spriggan zombie (Abyss:2)
  6 ettins
  6 deep elf high priests
  6 great orbs of eyes
  3 shambling mangroves
  7 rakshasas
  A quicksilver dragon skeleton (Crypt:2)
  3 ogre magi
  A ghost crab (Swamp:3)
  A peacekeeper (Vaults:3)
  26 hydras
  A juggernaut simulacrum (Depths:3)
  A caustic shrike simulacrum (Depths:3)
  8 alligators
  8 ice dragons
  5 salamander tyrants
  A spriggan air mage (Depths:3)
  11 ironbound frosthearts
  30 vault guards
  A spriggan skeleton (Crypt:3)
  A hell beast (Elf:2)
  3 catoblepae
  12 anacondas
  11 centaur warriors
  9 boulder beetles
  7 deep troll shamans
  6 deep troll earth magi
  4 vampire magi
  2 satyrs (Zig:8)
  12 two-headed ogres
  11 naga warriors
  2 tengu warriors
  5 hell hogs
  13 shock serpents
  A titan zombie (Crypt:3)
  20 dancing weapons
  3 orc high priests
  12 death yaks (Lair:5)
  2 demonic crawlers
  8 naga sharpshooters (Snake:4)
  4 spriggan berserkers
  A spectral dire elephant (Lair:5)
  A storm dragon zombie (Abyss:2)
  3 thrashing horrors (Abyss:2)
  9 hell knights
  4 occultists
  7 deep elf knights
  Sonja (Orc:1)
  A soul eater (Crypt:1)
  5 salamander mystics
  2 shadow wraiths
  A spectral anaconda (Lair:5)
  25 skeletal warriors
  4 wretched stars
  2 skysharks (Depths:1)
  3 sun demons (D:4)
  A fire crab (Volcano)
  2 golden dragon zombies (Crypt:3)
  A bunyip zombie (Crypt:3)
  A sea snake (shapeshifter) (Zig:8)
  2 sixfirhies
  5 spriggan druids
  2 spectral death yaks (Lair:5)
  A pharaoh ant (Zig:7)
  74 deep trolls
  3 naga ritualists
  6 iron trolls
  6 swamp dragons
  An orange crystal statue (Depths:3)
  A goliath frog (Swamp:3)
  3 flayed ghosts
  5 mana vipers
  2 spriggan simulacra (Depths:3)
  7 phantasmal warriors
  A glowing orange brain (shapeshifter) (Depths:1)
  2 bog bodies
  A sea snake (Zig:2)
  An iron giant skeleton (Crypt:3)
  6 arcanists
  4 glowing orange brains
  11 deep elf archers
  17 deep elf pyromancers
  2 lindwurms (Vaults:2)
  10 ironbound convokers
  10 necromancers
  5 orc knights
  An obsidian statue (Lair:5)
  7 harpies
  2 wolf spiders (Zig:7)
  3 cyclopes
  A stone giant zombie (Crypt:3)
  A sphinx simulacrum (Depths:3)
  2 orc sorcerers
  23 deep elf zephyrmancers
  3 shining eyes
  27 ugly things
  12 manticores
  2 will-o-the-wisps
  11 salamanders
  16 elephants
  A shining eye (shapeshifter) (Vaults:5)
  2 ice statues (IceCv)
  5 kobold blastminers
  2 apocalypse crabs
  11 naga magi
  2 worldbinders (Abyss:3)
  23 moths of wrath
  7 large abominations
  35 black mambas
  A molten gargoyle (D:14)
  4 guardian serpents
  14 vault sentinels
  5 eyes of devastation
  A titan simulacrum (Depths:4)
  A storm dragon simulacrum (Depths:4)
  3 smoke demons
  A water nymph (shapeshifter) (Zig:8)
  13 cane toads
  An alligator snapping turtle zombie (Crypt:2)
  A torpor snail (Zig:7)
  2 gargoyles (D:13)
  5 komodo dragons
  A dire elephant skeleton (Lair:5)
  2 hellions
  An unseen horror (D:10)
  A tengu conjurer (Depths:4)
  28 yaktaurs
  A kobold demonologist (D:10)
  5 rime drakes
  2 efreet
  2 ancient zymes (Abyss:3)
  A golden dragon simulacrum (Depths:3)
  5 freezing wraiths
  2 merfolk (Zot:4)
  3 polar bears
  8 trolls
  A bloated husk (Swamp:4)
  A hellwing (Abyss:2)
  A harpy skeleton (Crypt:1)
  5 tyrant leeches
  4 ettin zombies (Crypt:3)
  7 hornets
  A polar bear (shapeshifter) (D:13)
  2 raiju
  2 glass eyes
  A tarantella (Zig:7)
  10 blink frogs
  A fire dragon zombie (Crypt:3)
  A hydra skeleton (Crypt:3)
  A spectral elephant (Lair:3)
  A meliai zombie (Crypt:2)
  A jumping spider (shapeshifter) (Vaults:5)
  A spectral dream sheep (Lair:3)
  A tarantella zombie (Crypt:2)
  54 slime creatures
  A spectral black mamba (Lair:3)
  Sigmund (D:4)
  2 ynoxinuls (Abyss:2)
  8 spriggans
  A culicivora (Zig:7)
  A centaur simulacrum (Abyss:3)
  6 wraiths
  A hog (D:15)
  3 air elementals
  2 hogs (shapeshifter)
  A yak (shapeshifter) (D:14)
  5 wyverns
  3 fire elementals
  15 water elementals
  56 yaks
  A black mamba skeleton (Crypt:1)
  5 wargs
  A wind drake zombie (Crypt:2)
  4 basilisks
  3 neqoxecs (Abyss:3)
  Grum (D:8)
  4 steam dragons
  A steam dragon (shapeshifter) (D:13)
  4 golden eyes (Slime:3)
  A redback (shapeshifter) (Zig:4)
  A human (D:15)
  3 vampire mosquitoes
  A spectral cane toad (Lair:5)
  38 nagas
  7 small abominations
  22 swamp worms
  3 chaos spawn
  2 great orb of eyes simulacra (IceCv)
  2 glowing shapeshifter skeletons (Vaults:3)
  4 hell hounds
  8 water moccasins
  9 swamp drakes
  A sky beast (D:7)
  2 black bears
  A meliai simulacrum (D:14)
  2 elephant zombies (Lair:5)
  20 orc warriors
  2 ice beasts (D:8)
  19 laughing skulls
  15 ogres
  16 wolves
  7 centaurs
  2 elephant skeletons (Lair:5)
  2 phantoms (D:9)
  4 kobold brigands
  10 bullfrogs
  A weeping skull (Abyss:2)
  2 brain worms
  2 cane toad simulacra (Lair:5)
  5 gnoll sergeants
  5 scorpions
  2 glowing shapeshifter simulacra (IceCv)
  An earth elemental (Elf:2)
  A necrophage (Crypt:3)
  3 wights (D:7)
  23 killer bees
  A queen bee zombie (Crypt:1)
  2 howler monkeys
  4 electric eels
  4 lava snakes (D:14)
  A bombardier beetle (D:4)
  3 hounds
  3 jellies
  24 orc priests
  11 starcursed masses
  2 iguanas (D:4)
  5 iron imps (Crypt:1)
  Jessica (D:2)
  A hell rat (Elf:2)
  20 orc wizards
  A shapeshifter simulacrum (IceCv)
  A naga zombie (Crypt:1)
  4 ogre zombies (D:9)
  A deep dwarf skeleton (Crypt:1)
  A howler monkey skeleton (Crypt:1)
  5 adders
  17 gnolls
  4 river rats (Sewer)
  5 white imps (Lair:1)
  2 ufetubi
  A jelly zombie (Crypt:1)
  4 ribbon worms
  A dart slug (D:2)
  67 orcs
  8 ball pythons
  6 endoplasms
  2 gnoll zombies (D:9)
  6 goblins
  13 jackals
  2 quokkas
  7 bats
  3 frilled lizards
  A gnoll skeleton (D:9)
  29 kobolds
  An orc skeleton (D:9)
  10 orc zombies (D:9)
  20 rats
  4 aspiring fleshes
  4 fire vortices (Zig:8)
  2 lurking horrors
  8 starspawn tentacles
2095 creatures vanquished.

Vanquished Creatures (collateral kills)
  2 orbs of fire
  Parghit (Zot:1)
  Saint Roka (Vaults:1)
  A caustic shrike (Depths:4)
  A golden dragon (Zot:5)
  An electric golem (Zot:2)
  A Tzitzimitl (D:2)
  A hellephant (Depths:3)
  Rupert (D:15)
  5 tentacled monstrosities
  4 Orb Guardians
  2 quicksilver dragons
  8 acid blobs
  A thorn hunter (Abyss:3)
  A tentacled starspawn (Abyss:3)
  A sphinx (Vaults:5)
  A death cob (Zot:1)
  Roxanne (Snake:1)
  A shadow dragon (Depths:4)
  A fire giant (Vaults:5)
  4 rockslimes (Slime:5)
  4 storm dragons
  A daeva (Abyss:2)
  3 azure jellies (Slime:5)
  2 protean progenitors
  A draconian monk (Zot:2)
  A deep elf sorcerer (Abyss:3)
  An iron dragon (Vaults:5)
  4 frost giants
  4 draconian shifters
  3 ghost moths
  4 vault wardens
  2 draconian stormcallers
  3 formless jellyfish
  A draconian annihilator (Zot:1)
  6 ironbound preservers
  6 very ugly things
  A caustic shrike skeleton (Abyss:2)
  3 stone giants
  A ghoul (Crypt:2)
  A vampire knight (Depths:2)
  An ironbound thunderhulk (Vaults:3)
  2 quicksilver oozes
  A deep elf demonologist (Abyss:3)
  An eleionoma (Swamp:3)
  2 deep elf annihilators (Elf:3)
  2 dire elephants
  A black draconian (Zot:2)
  3 deep elf death magi
  2 yellow draconians
  4 green draconians
  2 red draconians
  3 white draconians
  A purple draconian (Zot:1)
  A minotaur (shapeshifter) (Zig:4)
  2 bunyips
  2 ettins
  2 blizzard demons
  A shambling mangrove (Abyss:3)
  2 crystal guardians (Crypt:3)
  An eidolon (Crypt:1)
  2 yaktaur captains
  A jiangshi (Crypt:2)
  3 fire dragons
  An entropy weaver (Zig:7)
  2 deep elf high priests
  3 ice dragons
  A rakshasa (Abyss:2)
  4 great orbs of eyes
  2 vault guards
  A radroach (Zot:2)
  A ghost crab (Lair:3)
  An alligator (Swamp:4)
  6 hydras
  2 ogre magi (Vaults:5)
  2 hell beasts (Crypt:1)
  3 two-headed ogres (Vaults:5)
  A death yak (Lair:5)
  A centaur warrior (Vaults:1)
  A boulder beetle (Zot:1)
  An ironbound frostheart (Vaults:3)
  2 death knights
  2 anacondas
  A deep troll shaman (Depths:2)
  A satyr (Abyss:3)
  2 dancing weapons
  2 vampire magi (Depths:1)
  2 hell hogs (Depths:3)
  5 naga warriors
  2 naga sharpshooters
  4 deep troll earth magi
  A shock serpent (Snake:4)
  2 thrashing horrors
  5 hell knights
  A deep elf knight (Elf:3)
  2 wretched stars
  A soul eater (Abyss:3)
  A spatial maelstrom (Abyss:3)
  11 skeletal warriors
  3 skysharks
  4 iron trolls
  An arcanist (Vaults:1)
  14 deep trolls
  5 mana vipers
  3 salamander mystics
  A flayed ghost (Depths:4)
  2 bog bodies
  3 swamp dragons (Swamp:4)
  An orc knight (Vaults:1)
  2 naga ritualists
  An orange crystal statue (Depths:3)
  4 necromancers
  A phantasmal warrior (Vaults:5)
  A shadow dragon skeleton (Crypt:2)
  A sphinx simulacrum (Depths:4)
  An orc sorcerer (Abyss:3)
  7 ugly things
  2 deep elf pyromancers (Elf:3)
  A cyclops (D:14)
  2 worldbinders (Abyss:3)
  5 salamanders
  A tengu skeleton (Vaults:3)
  An elephant (Lair:5)
  5 moths of wrath
  3 manticores
  3 large abominations (Abyss:2)
  2 vault sentinels
  2 naga magi
  A torpor snail (Zig:7)
  3 water nymphs
  3 black mambas
  3 guardian serpents (Snake:4)
  An eye of devastation (Slime:5)
  6 cane toads
  An orange demon (Abyss:3)
  3 komodo dragons
  2 yaktaurs (Vaults:3)
  A rime drake (Lair:5)
  A freezing wraith (Abyss:3)
  An iron troll zombie (Crypt:2)
  Jeremiah (D:6)
  A guardian mummy (Depths:1)
  A human skeleton (Vaults:3)
  A white draconian skeleton (Crypt:2)
  A tormentor (Zig:4)
  3 trolls
  3 hornets
  A hellwing (Abyss:3)
  A tyrant leech (Swamp:3)
  2 tengu simulacra (Depths:4)
  A blink frog (Lair:2)
  A harpy skeleton (Crypt:1)
  A raiju (Abyss:2)
  A meliai zombie (Crypt:2)
  A spectral elephant (Lair:3)
  22 slime creatures
  3 spriggans
  An ettin skeleton (Vaults:3)
  An air elemental (Elf:2)
  A black mamba zombie (Crypt:1)
  A shadow (D:10)
  3 ynoxinuls
  A hog (D:15)
  10 yaks
  2 wraiths
  A starcursed mass (Abyss:2)
  2 water elementals
  A steam dragon (D:8)
  4 basilisks
  A golden eye (Slime:3)
  A warg (Zig:6)
  3 chaos spawn
  A harpy simulacrum (Crypt:1)
  6 vampire mosquitoes
  An elf skeleton (Vaults:3)
  A swamp worm (Swamp:1)
  11 nagas
  7 water moccasins
  2 swamp drakes (Swamp:4)
  3 glowing shapeshifter skeletons (Vaults:3)
  A great orb of eyes simulacrum (IceCv)
  A black bear (D:5)
  4 orc warriors
  A swamp dragon zombie (Crypt:1)
  2 ice beasts (D:7)
  4 small abominations
  4 ogres
  10 wolves
  An elephant zombie (Lair:5)
  2 laughing skulls
  2 centaurs (D:11)
  An elephant skeleton (Lair:5)
  3 slime creature simulacra (IceCv)
  A weeping skull (Abyss:2)
  4 bullfrogs
  An earth elemental (Elf:1)
  2 kobold brigands
  A necrophage (Crypt:3)
  A gnoll sergeant (D:12)
  3 glowing shapeshifter simulacra (IceCv)
  A cane toad simulacrum (Lair:5)
  2 wights (D:7)
  2 killer bees
  2 howler monkeys (D:7)
  2 jellies (Lair:5)
  A basilisk zombie (Crypt:2)
  7 orc priests
  2 hounds
  2 iron imps
  A sleepcap (D:4)
  An iguana (D:5)
  3 orc wizards
  3 shapeshifter simulacra (IceCv)
  4 ogre zombies (D:9)
  6 gnolls
  A river rat (D:3)
  3 adders
  8 white imps
  2 ufetubi (Abyss:3)
  A ribbon worm (D:3)
  23 orcs
  A hobgoblin (D:3)
  A jackal (D:3)
  6 kobolds
  A quokka (D:3)
  2 ball pythons
  A bombardier beetle zombie (Crypt:2)
  A frilled lizard (Sewer)
  A gnoll skeleton (D:9)
  2 gnoll zombies (D:9)
  An orc skeleton (D:9)
  7 orc zombies (D:9)
  11 rats
  An aspiring flesh (Zot:2)
  A starspawn tentacle (Abyss:2)
595 creatures vanquished.

Vanquished Creatures (others)
  An ironbound preserver (Vaults:1)
  A stone giant (Depths:2)
  A deep elf high priest (Vaults:5)
  A yaktaur captain (Vaults:5)
  A two-headed ogre (Volcano)
  A centaur warrior (Vaults:3)
  A naga sharpshooter (Snake:2)
  A deep elf pyromancer (Elf:1)
  A spriggan simulacrum (Depths:3)
  4 yaktaurs
  A steam dragon (Zig:3)
  35 knights
  3 ancestors (Sewer)
  2 fire vortices (Zig:8)
  4 foxfires
  10 starspawn tentacles
68 creatures vanquished.

Grand Total: 2758 creatures vanquished

Notes
Turn   | Place    | Note
-------+----------+-------------------------------------------
     0 | D:1      | jagoly the Draconian Alchemist began the quest for the Orb.
     0 | D:1      | Reached XP level 1. HP: 14/14 MP: 3/3
   412 | D:1      | Reached XP level 2. HP: 20/20 MP: 1/5
   820 | D:2      | Found Janeth's Distillery.
   825 | D:2      | Bought a potion of curing for 30 gold pieces
   838 | D:2      | Noticed Jessica
   842 | D:2      | Killed Jessica
   843 | D:2      | Reached XP level 3. HP: 10/26 MP: 2/6
  1045 | D:2      | Found a hazy altar of Hepliaklqana.
  1066 | D:2      | Became a worshipper of Hepliaklqana the Forgotten
  1162 | D:2      | Reached skill level 1 in Fighting
  1214 | D:2      | Found Qoiff's Assorted Antiques.
  1453 | D:2      | Found Rivyts's Magic Scroll Emporium.
  1456 | D:2      | Bought a scroll of teleportation for 33 gold pieces
  1456 | D:2      | Bought a scroll of identify for 22 gold pieces
  1456 | D:2      | Bought a scroll of fear for 44 gold pieces
  1882 | D:3      | Reached XP level 4. HP: 35/35 MP: 5/7
  1916 | D:3      | Reached * piety under Hepliaklqana
  2091 | D:3      | Found a stormy altar of Qazlal.
  2168 | D:3      | Found a glowing drain.
  2244 | Sewer    | Entered a sewer
  2313 | Sewer    | Reached XP level 5. HP: 14/40 MP: 0/8
  2556 | Sewer    | Reached skill level 5 in Alchemy
  2704 | Sewer    | Reached XP level 6. HP: 21/45 MP: 5/9
  2922 | Sewer    | Identified the +2 sling of Infinite Pain {freeze, rF+ SInv}
  3686 | D:3      | Learned a level 4 spell: Olgreb's Toxic Radiance
  3891 | D:4      | Your scales start taking on an icy white colour.
  3891 | D:4      | Reached XP level 7. HP: 51/51 MP: 5/10
  3891 | D:4      | Gained mutation: Your flesh is cold resistant. (rC+) [White
                  | Draconian growth]
  3961 | D:4      | Found a staircase to the Ecumenical Temple.
  3987 | D:4      | Reached ** piety under Hepliaklqana
  3988 | D:4      | Remembered your ancestor Every Other Drac as a knight
  4056 | D:4      | Noticed Sigmund
  4067 | D:4      | Killed Sigmund
  4931 | D:5      | Entered Level 5 of the Dungeon
  4945 | D:5      | Reached XP level 8. HP: 56/56 MP: 7/13
  5132 | D:5      | Found Yraimp's Book Shop.
  5193 | D:5      | Identified the amulet "Umpun" {rC+ Regen+}
  5868 | D:6      | Noticed Jeremiah
  5868 | D:6      | Found Azxyo's Jewellery Shoppe.
  5927 | D:5      | Reached skill level 10 in Alchemy
  5931 | D:5      | Learned a level 3 spell: Hailstorm
  5969 | D:5      | Reached skill level 1 in Ice Magic
  6067 | D:6      | Reached XP level 9. HP: 49/63 MP: 7/15
  6273 | D:6      | Reached *** piety under Hepliaklqana
  6697 | D:6      | Killed Jeremiah
  6865 | D:6      | Reached skill level 5 in Conjurations
  6938 | D:6      | Upgraded the game from 0.32-a0-136-gc02482b to
                  | 0.32-a0-139-ga5a6d97
  7022 | D:7      | Reached skill level 5 in Ice Magic
  7241 | D:7      | Found a hazy altar of Hepliaklqana.
  7433 | D:7      | Learned a level 5 spell: Irradiate
  7722 | D:7      | Found Nurem's Assorted Antiques.
  7731 | D:7      | Bought a scroll labelled TIPOAV DIYF for 26 gold pieces
  7750 | D:7      | Reached XP level 10. HP: 50/68 MP: 0/16
  7973 | D:7      | Learned a level 4 spell: Ignite Poison
  8290 | D:2      | Bought a scroll of immolation for 44 gold pieces
  8290 | D:2      | Bought a scroll of fog for 44 gold pieces
  8290 | D:2      | Bought a scroll of vulnerability for 44 gold pieces
  8362 | D:2      | Bought a potion of cancellation for 80 gold pieces
  8691 | D:8      | Reached skill level 1 in Fire Magic
  9188 | D:8      | Noticed Grum
  9197 | D:8      | Killed Grum
  9198 | D:8      | Reached skill level 1 in Shields
  9776 | D:9      | Found a staircase to the Orcish Mines.
  9920 | D:9      | Found a glowing silver altar of Zin.
 10002 | D:9      | Reached skill level 5 in Fighting
 10070 | D:9      | Reached skill level 5 in Shields
 10076 | D:9      | Reached XP level 11. HP: 79/79 MP: 4/17
 10313 | D:9      | Reached **** piety under Hepliaklqana
 10421 | D:9      | Found a blossoming altar of Fedhas.
 10559 | D:10     | Entered Level 10 of the Dungeon
 10765 | D:10     | Identified the +6 long sword of the Ageless Knives {flame,
                  | +Blink rC++ Str-2 Int-5}
 11493 | D:11     | Reached skill level 5 in Dodging
 11848 | D:11     | Noticed a two-headed ogre
 11853 | D:11     | Killed a two-headed ogre
 11991 | D:11     | Noticed a two-headed ogre
 11996 | D:11     | Killed a two-headed ogre
 12532 | D:11     | Found a staircase to the Lair.
 12868 | D:7      | Bought a pair of slimy gloves for 247 gold pieces
 12868 | D:7      | Identified the +1 pair of gloves "Calas" {rElec Dex+7} (You
                  | bought it in a shop on level 7 of the Dungeon)
 12978 | Lair:1   | Entered Level 1 of the Lair of Beasts
 13069 | Lair:1   | Reached skill level 5 in Spellcasting
 13069 | Lair:1   | Reached XP level 12. HP: 78/90 MP: 2/19
 13203 | Lair:1   | Learned a level 2 spell: Sublimation of Blood
 13438 | Lair:1   | Reached ***** piety under Hepliaklqana
 13491 | Lair:1   | Found a frozen archway.
 13542 | IceCv    | Entered an ice cave
 13786 | IceCv    | Noticed a quicksilver ooze
 13794 | IceCv    | Killed a quicksilver ooze
 13903 | IceCv    | Reached skill level 1 in Throwing
 14010 | IceCv    | Reached skill level 1 in Invocations
 14233 | IceCv    | Noticed a quicksilver ooze
 14238 | IceCv    | Killed a quicksilver ooze
 14255 | IceCv    | Reached skill level 5 in Invocations
 14379 | IceCv    | Found a viscous altar of Jiyva.
 14379 | IceCv    | Noticed an azure jelly
 14387 | IceCv    | Killed an azure jelly
 14448 | IceCv    | Noticed a quicksilver ooze
 14455 | IceCv    | Killed a quicksilver ooze
 14833 | IceCv    | Got the ring of Hiol {rC+ Dex+2}
 15256 | Lair:2   | Reached XP level 13. HP: 92/96 MP: 13/23
 15603 | Lair:2   | Noticed Fannar
 15607 | Lair:2   | Killed Fannar
 16339 | Lair:2   | Found a staircase to the Snake Pit.
 16737 | Lair:2   | Learned a level 3 spell: Mephitic Cloud
 16744 | Lair:2   | Learned a level 6 spell: Sculpt Simulacrum
 17251 | Lair:3   | Found a staircase to the Swamp.
 18041 | Lair:4   | Reached skill level 5 in Necromancy
 18137 | Lair:4   | Found a dark tunnel.
 18143 | Volcano  | Entered a volcano
 18175 | Volcano  | Reached XP level 14. HP: 65/107 MP: 5/26
 18259 | Volcano  | Reached skill level 10 in Fighting
 19249 | Lair:5   | Entered Level 5 of the Lair of Beasts
 19548 | Lair:5   | Reached skill level 10 in Spellcasting
 19706 | Lair:5   | Found a staircase to the Slime Pits.
 20600 | Lair:5   | Reached skill level 1 in Polearms
 20644 | Lair:5   | Reached skill level 2 in Polearms
 20805 | Lair:5   | Reached skill level 3 in Polearms
 20812 | Lair:5   | Reached skill level 4 in Polearms
 20872 | Lair:5   | Reached XP level 15. HP: 90/118 MP: 12/29
 21250 | Lair:5   | Reached skill level 5 in Polearms
 21309 | Lair:5   | Learned a level 3 spell: Frozen Ramparts
 21598 | D:2      | Bought a tapered silver wand for 124 gold pieces
 21722 | D:5      | Bought Great Wizards, Vol. VII for 420 gold pieces
 21828 | Orc:1    | Entered Level 1 of the Orcish Mines
 21955 | Orc:2    | Entered Level 2 of the Orcish Mines
 21992 | Orc:2    | Reached ****** piety under Hepliaklqana
 22001 | Orc:1    | Noticed Sonja
 22004 | Orc:1    | Killed Sonja
 22149 | Orc:1    | Found Tuok's Magic Scroll Boutique.
 22417 | Orc:2    | Found a staircase to the Elven Halls.
 22859 | Orc:2    | Found Liaskux's Book Shop.
 23277 | Orc:2    | Found Gergh's Armour Shop.
 23409 | Orc:2    | Found Pyell's Antique Armour Emporium.
 23411 | Orc:2    | Found Sifavev's Antique Weapon Shoppe.
 23430 | Orc:2    | Learned a level 5 spell: Yara's Violent Unravelling
 23558 | D:12     | You fall into a shaft and drop 3 floors!
 23558 | D:15     | Entered Level 15 of the Dungeon
 23558 | D:15     | Found a stormy altar of Qazlal.
 23636 | D:13     | Identified the +3 orcbow "Cufess Kele" {freeze, ^Drain rC+
                  | Dex+2 Stlth+}
 23664 | D:13     | Reached skill level 1 in Hexes
 23779 | D:13     | Found a gate to the Vaults.
 24271 | D:12     | Reached XP level 16. HP: 125/125 MP: 32/32
 24272 | D:12     | Reached XP level 17. HP: 131/131 MP: 33/33
 24490 | D:12     | Found a gateway to a bazaar.
 26289 | D:15     | Noticed Kirke
 26298 | D:15     | Killed Kirke
 26326 | D:15     | Learned a level 7 spell: Ozocubu's Refrigeration
 26492 | D:15     | Found a staircase to the Depths.
 26571 | D:15     | Noticed Rupert
 26579 | D:15     | Paralysed by Rupert for 4 turns
 26585 | D:15     | Killed Rupert
 26635 | D:15     | Noticed Nessos
 26645 | D:15     | Killed Nessos
 27110 | Elf:1    | Entered Level 1 of the Elven Halls
 27241 | Elf:1    | Paralysed by an air elemental for 1 turns
 27559 | Elf:1    | Reached XP level 18. HP: 133/138 MP: 27/35
 27650 | Elf:1    | Identified a scroll of acquirement
 27653 | Elf:1    | Acquired 535 gold pieces
 28256 | Elf:1    | Found the +10 Black Knight's barding {ponderous, rPois rN+}
 28401 | Elf:1    | Reached skill level 15 in Ice Magic
 28489 | Elf:2    | Paralysed by an air elemental for 1 turns
 28557 | Elf:2    | Paralysed by an air elemental for 1 turns
 28751 | Elf:2    | Found a flickering gateway to a bazaar.
 28776 | Bazaar   | Entered a bazaar
 28776 | Bazaar   | Found Tuts's Jewellery Shoppe.
 28776 | Bazaar   | Found Pawuppoa's Jewellery Shoppe.
 28777 | Bazaar   | Found Linapios's Book Emporium.
 28777 | Bazaar   | Found Mixzauzo's Book Emporium.
 28800 | Bazaar   | Bought the ring of the Ban {Will+ Str+3 Int+4 Dex+6} for
                  | 759 gold pieces
 28808 | Bazaar   | Bought a Fen Folio for 420 gold pieces
 29073 | Elf:2    | Reached skill level 6 in Polearms
 29111 | Elf:2    | Reached skill level 7 in Polearms
 29413 | Elf:2    | Reached skill level 8 in Polearms
 29453 | Elf:2    | Found a runed translucent gate.
 29453 | Elf:2    | Found a runed translucent gate.
 29453 | Elf:2    | Found a runed translucent gate.
 29580 | Elf:3    | Entered Level 3 of the Elven Halls
 29720 | Elf:3    | Reached skill level 5 in Stealth
 30502 | Elf:3    | Identified the ring of Kyptoykh {rPois rF+ rC+ rCorr}
 30506 | Elf:3    | Paralysed by an air elemental for 1 turns
 30520 | Elf:3    | Paralysed by an air elemental for 1 turns
 30524 | Elf:3    | Paralysed by an air elemental for 1 turns
 30676 | Elf:3    | Identified the +12 long sword of Grandeur {vamp, SInv}
 30676 | Elf:3    | Identified the +7 fire dragon scales "Usophoso" {rF++ rC-
                  | Will+}
 30754 | Elf:3    | Identified the +3 chain mail of the Morning Star {rC+
                  | Str+5}
 30768 | Elf:3    | Reached skill level 10 in Dodging
 30929 | Elf:3    | Identified the +3 rapier of True Grit {flame, rF+}
 30929 | Elf:3    | Identified the +4 steam dragon scales of the Fife {rN+
                  | Int+9}
 30932 | Elf:3    | Noticed a Hell Sentinel
 31146 | Elf:3    | Reached XP level 19. HP: 137/146 MP: 15/37
 31329 | Elf:3    | Identified the +5 short sword "Tamaamic" {protect, Str+2
                  | Int+2}
 31609 | Elf:3    | Identified the dragon-blood talisman "Zifenag" {Int+3}
 31724 | Elf:3    | Learned a level 6 spell: Eringya's Noxious Bog
 32041 | Snake:1  | Entered Level 1 of the Snake Pit
 32063 | Snake:1  | Found Ciluogg's Antique Armour Boutique.
 32068 | Snake:1  | Found Omieghyd's General Store.
 32184 | Snake:1  | Found Hygu Lem's Armour Shop.
 32264 | Snake:1  | Found the +5 Lochaber axe {reach-cleave, Poleaxe ^Drain}
 32348 | Snake:1  | Noticed Roxanne
 32422 | Snake:1  | Found Iciuser's Armour Shop.
 32541 | Snake:1  | Found Faacim's Antique Weapon Emporium.
 32899 | Snake:2  | Identified the serpent talisman of the Curious Beggars
                  | {rElec Int+4 Dex+3}
 32899 | Snake:2  | Noticed Aizul
 32907 | Snake:2  | Killed Aizul
 33442 | Snake:2  | Found Git Azeyre's Jewellery Boutique.
 33547 | Snake:2  | Noticed Louise
 33552 | Snake:2  | Killed Louise
 34357 | Snake:3  | Reached skill level 15 in Spellcasting
 34900 | Snake:4  | Entered Level 4 of the Snake Pit
 34903 | Snake:4  | Reached skill level 15 in Fighting
 35183 | Snake:4  | Found a runed translucent gate.
 35183 | Snake:4  | Found a runed translucent gate.
 35183 | Snake:4  | Found a runed translucent gate.
 35815 | Snake:4  | Reached XP level 20. HP: 156/163 MP: 25/39
 36185 | Snake:4  | Found an iron altar of Okawaru.
 36197 | Snake:4  | Got a serpentine rune of Zot
 36366 | Snake:4  | Learned a level 2 spell: Blink
 36605 | Swamp:1  | Entered Level 1 of the Swamp
 36605 | Swamp:1  | Noticed Donald
 36610 | Swamp:1  | Killed Donald
 36611 | Swamp:1  | Reached skill level 1 in Translocations
 37683 | Swamp:2  | Noticed Nikola
 37697 | Swamp:2  | Killed Nikola
 38034 | Swamp:3  | Gained mutation: You are weak. (Str -2) [mutagenic glow]
 38522 | Swamp:3  | Reached skill level 1 in Evocations
 38794 | Swamp:4  | Entered Level 4 of the Swamp
 39504 | Swamp:4  | Got a decaying rune of Zot
 40054 | Snake:1  | Killed Roxanne
 40359 | Vaults:1 | Entered Level 1 of the Vaults
 40534 | Vaults:1 | Noticed Saint Roka
 40553 | Vaults:1 | Killed Saint Roka
 40697 | Vaults:1 | Reached XP level 21. HP: 159/175 MP: 20/40
 41872 | Vaults:2 | Reached skill level 15 in Dodging
 42529 | Vaults:2 | Reached skill level 9 in Polearms
 43189 | Vaults:2 | Found Kacud's Magic Scroll Shop.
 43475 | Vaults:3 | Reached skill level 10 in Polearms
 43763 | Vaults:3 | Reached skill level 11 in Polearms
 44373 | Vaults:3 | Reached skill level 12 in Polearms
 44397 | Vaults:3 | Found a staircase to the Crypt.
 44537 | Vaults:3 | You fall into a shaft and drop 1 floor!
 44801 | Vaults:4 | Reached skill level 13 in Polearms
 44863 | Vaults:4 | Noticed Xtahua
 44872 | Vaults:4 | Killed Xtahua
 45022 | Vaults:4 | Reached XP level 22. HP: 188/188 MP: 19/41
 45538 | Vaults:3 | Reached skill level 14 in Polearms
 45595 | Vaults:3 | Identified the amulet "Yrraghyi" {Acrobat Str+3}
 46224 | Vaults:3 | Reached skill level 15 in Polearms
 46726 | Vaults:4 | Noticed Mara
 46735 | Vaults:4 | Killed Mara
 47096 | Bazaar   | Entered a bazaar
 47096 | Bazaar   | Found Ukolioco's Distillery.
 47103 | Bazaar   | Found Qaojeu's General Store.
 47126 | Bazaar   | Found Ocuevuam's Antique Weapon Shoppe.
 47133 | Bazaar   | Found Pephoss's Book Shoppe.
 47140 | Bazaar   | Found Hadojask's Antique Weapon Shop.
 47181 | Bazaar   | Bought a potion of curing for 27 gold pieces
 47190 | Bazaar   | Bought a potion of curing for 30 gold pieces
 47190 | Bazaar   | Bought a potion of enlightenment for 50 gold pieces
 47190 | Bazaar   | Bought a potion of enlightenment for 50 gold pieces
 47190 | Bazaar   | Bought a potion of enlightenment for 50 gold pieces
 47190 | Bazaar   | Bought a potion of ambrosia for 80 gold pieces
 47210 | Bazaar   | Bought a manual of Evocations for 1120 gold pieces
 47829 | Slime:1  | Entered Level 1 of the Pits of Slime
 47834 | Slime:1  | Reached skill level 16 in Polearms
 47899 | Slime:1  | Reached skill level 5 in Evocations
 48009 | Slime:3  | Paralysed by a formless jellyfish for 1 turns
 48028 | Slime:3  | Paralysed by a formless jellyfish for 1 turns
 48451 | Slime:5  | Entered Level 5 of the Pits of Slime
 48559 | Slime:5  | Reached skill level 17 in Polearms
 48707 | Slime:5  | Gained mutation: You are frail. (-10% HP) [a shining eye]
 49015 | Slime:5  | Noticed the Royal Jelly
 49378 | Slime:5  | Found a viscous altar of Jiyva.
 49395 | Slime:5  | Found the +7 great mace "Firestarter" {flame, immolate,
                  | rFlCloud rF++}
 49518 | Slime:5  | Killed the Royal Jelly
 49519 | Slime:5  | Reached skill level 18 in Polearms
 49648 | Slime:5  | Identified the ring "Paanido" {Fly rPois Dex+2}
 49671 | Slime:5  | Found the +8 arc blade {discharge, rElec}
 49673 | Slime:5  | Identified the staff "Ysolif" {rPois rF+++ Dex-2 SInv Fire
                  | Alchemy}
 49700 | Slime:5  | Got a slimy rune of Zot
 49709 | Slime:5  | Identified the ring "Ishrusymi" {rElec rPois rC++}
 49728 | Slime:5  | Got the Precepts of Vapourous Rime
 49732 | Slime:5  | Identified the +0 chain mail of the Blessed Realm {rPois
                  | rF++ MP-9 Dex+4}
 49733 | Slime:5  | Identified the +2 ring mail of Duteol {^Drain Will+ Regen+
                  | Stlth+}
 50203 | D:2      | Bought a phial of floods for 1240 gold pieces
 50203 | D:2      | Lost mutation: You are frail. (-10% HP) [potion of
                  | mutation]
 50203 | D:2      | Lost mutation: You are weak. (Str -2) [potion of mutation]
 50203 | D:2      | Gained mutation: You possess an exceptional clarity of
                  | mind. [potion of mutation]
 50203 | D:2      | Gained mutation: Your health recovers twice as slowly from
                  | being drained. [potion of mutation]
 50203 | D:2      | Gained mutation: Your flesh is heat resistant. (rF+)
                  | [potion of mutation]
 50203 | D:2      | Gained mutation: You passively dampen the noise of your
                  | surroundings. [potion of mutation]
 50242 | D:2      | Bought a potion of haste for 100 gold pieces
 50242 | D:2      | Bought a potion of haste for 100 gold pieces
 50242 | D:2      | Bought a potion of mutation for 80 gold pieces
 50454 | D:13     | Learned a level 4 spell: Dispel Undead
 50576 | Crypt:1  | Entered Level 1 of the Crypt
 50672 | Crypt:1  | Reached XP level 23. HP: 112/193 MP: 33/42
 51057 | Crypt:1  | Found a basalt altar of Yredelemnul.
 51409 | Crypt:1  | Found a basalt altar of Yredelemnul.
 52844 | Crypt:3  | Entered Level 3 of the Crypt
 53591 | Crypt:3  | Reached skill level 19 in Polearms
 53682 | Crypt:3  | Found an ancient bone altar of Kikubaaqudgha.
 53683 | Crypt:3  | Noticed a dread lich
 53694 | Crypt:3  | Killed a dread lich
 53746 | Crypt:3  | Identified the staff "Baplug" {^Fragile rC+ rN+ Necro Ice}
 54134 | Crypt:3  | Identified the amulet "Rimanw Ydick" {+Blink rElec rPois
                  | Will+++ Regen+}
 54134 | Crypt:3  | Identified the amulet "Depurod" {Regen+ Dex+4}
 54134 | Crypt:3  | Identified the ring "Doinut" {rN+ Slay+2 SInv}
 54272 | Crypt:3  | Found a staircase to the Tomb.
 54631 | Vaults:5 | Entered Level 5 of the Vaults
 54638 | Vaults:5 | Reached skill level 20 in Polearms
 54638 | Vaults:5 | Reached skill level 10 in Evocations
 54669 | Vaults:5 | Learned a level 1 spell: Apportation
 54944 | Vaults:5 | Reached XP level 24. HP: 179/201 MP: 28/43
 55166 | Vaults:5 | Noticed an ancient lich
 55171 | Vaults:5 | Killed an ancient lich
 55303 | Vaults:5 | Noticed an ancient lich
 55312 | Vaults:5 | Killed an ancient lich
 55663 | Vaults:5 | Identified the +12 battleaxe "Beastbane" {flame, rElec
                  | Int+4}
 55690 | Vaults:5 | Identified the +2 dagger "Ziloath" {spect, rC++ Dex+2}
 55912 | Vaults:5 | Noticed a dread lich
 55918 | Vaults:5 | Killed a dread lich
 55941 | Vaults:5 | Got a silver rune of Zot
 56216 | Vaults:5 | Identified the +8 hand axe of Res Ipsa Loquitur {elec, rF+
                  | Int+4}
 56224 | Vaults:5 | Identified the +8 rapier of Dissolution {chaos, rElec}
 56445 | Vaults:5 | Identified the ring of Reugigie {rElec rPois rC+}
 56687 | Vaults:5 | Identified the amulet "Zavoys" {Reflect rC++ Regen+ Str-3
                  | Int+4 SH+5}
 56692 | Vaults:5 | Identified the amulet of Eqeixer {Reflect rElec rC- Int+4
                  | SH+5 Stlth+}
 56696 | Vaults:5 | Identified the +2 scale mail of Beogh's Generosity {+Inv
                  | rN+ Will+}
 56753 | Vaults:5 | Noticed a dread lich
 56760 | Vaults:5 | Killed a dread lich
 56876 | Vaults:5 | Noticed an ancient lich
 56883 | Vaults:5 | Killed an ancient lich
 57057 | Vaults:2 | Bought a scroll of revelation for 127 gold pieces
 57057 | Vaults:2 | Bought a scroll of fog for 68 gold pieces
 57057 | Vaults:2 | Bought a scroll of fog for 68 gold pieces
 57284 | D:7      | Bought 3 scrolls of fear for 312 gold pieces
 57403 | Depths:1 | Entered Level 1 of the Depths
 57439 | Depths:1 | Found a portal to a secret trove of treasure.
 57680 | Depths:1 | Noticed Norris
 57688 | Depths:1 | Killed Norris
 57740 | Depths:1 | Found a one-way gateway to a ziggurat.
 57845 | Depths:1 | Found a gateway to Hell.
 58605 | Depths:2 | Found Big Baal Hell's Store.
 58608 | Depths:2 | Reached XP level 25. HP: 216/216 MP: 30/43
 59381 | Depths:1 | You paid a toll of a +7 demon trident to enter a treasure
                  | trove
 59382 | Trove    | Entered a treasure trove
 59389 | Trove    | Identified the ring "Kiymapot" {rF+ Int+2}
 59393 | Trove    | Identified the amulet "Etarrae" {Acrobat SInv}
 59398 | Trove    | Identified the ring of Iluerol {rPois Str+4 Stlth+}
 60114 | Depths:2 | Found the +3 pair of seven-league boots {Rampage+∞}
 60255 | Depths:2 | Found a one-way gate leading to the halls of Pandemonium.
 60628 | Depths:3 | Found a one-way gate to the infinite horrors of the Abyss.
 61570 | Depths:3 | Learned a level 3 spell: Ozocubu's Armour
 61601 | Depths:4 | Entered Level 4 of the Depths
 61601 | Depths:4 | Identified the ring "Cepnul" {Ice Int+2 Dex-4 Slay+3 SInv}
 61601 | Depths:4 | Noticed Josephina
 61602 | Depths:4 | Upgraded the game from 0.32-a0-139-ga5a6d97 to
                  | 0.32-a0-145-g5e87250
 62021 | Depths:4 | Killed Josephina
 62022 | Depths:4 | Reached skill level 21 in Polearms
 62362 | Depths:4 | Found a gate to the Realm of Zot.
 62848 | Depths:4 | Reached skill level 22 in Polearms
 63334 | Depths:4 | Voluntarily entered the Abyss.
 63334 | Abyss:1  | Found a corrupted altar of Lugonu.
 63374 | Abyss:2  | Found a corrupted altar of Lugonu.
 63387 | Abyss:2  | Found a corrupted altar of Lugonu.
 63399 | Abyss:2  | Found a corrupted altar of Lugonu.
 63400 | Abyss:2  | Found a corrupted altar of Lugonu.
 63400 | Abyss:2  | Found a corrupted altar of Lugonu.
 63414 | Abyss:2  | Reached XP level 26. HP: 207/228 MP: 43/43
 63478 | Abyss:2  | Found a corrupted altar of Lugonu.
 63484 | Abyss:2  | Found a corrupted altar of Lugonu.
 63484 | Abyss:2  | Found a corrupted altar of Lugonu.
 63813 | Abyss:2  | Reached skill level 23 in Polearms
 63986 | Depths:4 | Escaped the Abyss
 63988 | Depths:4 | Voluntarily entered the Abyss.
 64043 | Abyss:3  | Found a corrupted altar of Lugonu.
 64044 | Abyss:3  | Noticed a dread lich
 64049 | Abyss:3  | Killed a dread lich
 64057 | Abyss:3  | Found a corrupted altar of Lugonu.
 64079 | Abyss:3  | Found a corrupted altar of Lugonu.
 64079 | Abyss:3  | Found a corrupted altar of Lugonu.
 64223 | Abyss:3  | Found a corrupted altar of Lugonu.
 64302 | Depths:4 | Escaped the Abyss
 64304 | Depths:4 | Voluntarily entered the Abyss.
 64331 | Abyss:3  | Found a corrupted altar of Lugonu.
 64452 | Abyss:3  | Got an abyssal rune of Zot
 64458 | Abyss:3  | Reached skill level 24 in Polearms
 64625 | Depths:4 | Escaped the Abyss
 64753 | Zig:1    | Entered Level 1 of a ziggurat
 64764 | Zig:2    | Entered Level 2 of a ziggurat
 64764 | Zig:2    | Found the +7 great mace "Undeadhunter" {deathbane, rN+}
 64808 | Zig:3    | Entered Level 3 of a ziggurat
 64832 | Zig:4    | Entered Level 4 of a ziggurat
 64966 | Zig:4    | Identified the +3 war axe "Ycufan" {speed, rN+}
 64985 | Zig:5    | Entered Level 5 of a ziggurat
 65089 | Zig:6    | Entered Level 6 of a ziggurat
 65182 | Zig:7    | Entered Level 7 of a ziggurat
 65378 | Zig:8    | Entered Level 8 of a ziggurat
 65382 | Zig:8    | Noticed Okkeczeoce the pandemonium lord
 65397 | Zig:8    | Reached skill level 25 in Polearms
 65400 | Zig:8    | Killed Okkeczeoce the pandemonium lord
 65411 | Zig:8    | Got Suorhire's Vellum of the Sizzling Tempest
 65419 | Zig:8    | Identified the amulet "Vezycif" {Faith rN+}
 65636 | Zot:1    | Entered Level 1 of the Realm of Zot
 65925 | Zot:1    | Identified the +4 great sword of Fee Simple {heavy, Str+2
                  | Int+2}
 66041 | Zot:1    | Noticed an orb of fire
 66053 | Zot:1    | Killed an orb of fire
 66374 | Zot:1    | Noticed Parghit
 66386 | Zot:1    | Killed Parghit
 66794 | Zot:1    | Reached XP level 27. HP: 208/234 MP: 25/43
 67072 | Zot:2    | Reached skill level 26 in Polearms
 67544 | Zot:2    | Identified the +3 swamp dragon scales "Vyv Tirph" {rPois
                  | Dex+5}
 67867 | Zot:2    | Found a burning altar of Makhleb.
 67875 | Zot:2    | Found a stormy altar of Qazlal.
 67883 | Zot:2    | Found a burning altar of Makhleb.
 68029 | Zot:2    | Reached skill level 27 in Polearms
 68032 | Zot:2    | Found the +4 dragonskin cloak
 68032 | Zot:2    | Noticed Tiamat
 68676 | Zot:3    | Noticed an orb of fire
 68684 | Zot:3    | Gained mutation: Your magical capacity is low. (-10% MP)
                  | [an orb of fire]
 68685 | Zot:3    | Gained mutation: You are dopey. (Int -2) [an orb of fire]
 68692 | Zot:3    | Killed an orb of fire
 69269 | Zot:2    | Killed Tiamat
 70548 | Zot:5    | Entered Level 5 of the Realm of Zot
 71222 | Zot:5    | Noticed a dread lich
 71222 | Zot:5    | Noticed an orb of fire
 71223 | Zot:5    | Noticed an ancient lich
 71228 | Zot:5    | Got the Orb of Zot
 71229 | Zot:5    | Noticed an orb of fire
 71229 | Zot:5    | Noticed an ancient lich
 71229 | Zot:5    | Noticed a dread lich
 71264 | Zot:5    | Noticed an ancient lich
 71266 | Zot:5    | Noticed a dread lich
 71765 | D:$      | Escaped with the Orb!

Illustrated notes

Levels and vault maps discovered:
D:1:      roderic_dead_forest, layout_loops_cross
D:2:      layout_basic, basic_altar, serial_shops, nicolae_shop_statue_plus,
          nicolae_shop_hallway_plus, nicolae_shop_real_fake_doors,
          minmay_tromino_v4_b, uniq_jessica
D:3:      layout_loops_ring, nicolae_overflow_crystal_walls,
          portal_sewer_entry_b, kennysheep_generic_room_2
D:4:      layout_basic, minmay_temple_entry_mist, uniq_sigmund
D:5:      layout_basic, serial_shops, nicolae_shop_tiny_waterfront
D:6:      layout_basic, serial_shops, shop, kennysheep_generic_room_9,
          uniq_jeremiah
D:7:      layout_loops_ring, mainiacjoe_overflow_cross_hatched, serial_shops,
          shop, amcnicky_mini_pool_small
D:8:      layout_loops_cross, uniq_grum
D:9:      layout_loops_ring, fedhas_altar_4,
          mainiacjoe_overflow_concentric_impassable, zombieorc2_lemuel
D:10:     layout_roguey, st_stairs_4
D:11:     layout_rooms, erik_lair_dragon
D:12:     layout_roguey, serial_shops, bzr_entry_safe
D:13:     layout_small_grid, skrybe_vaults_entry_preservation,
          minmay_misc_feat_more_columns
D:14:     layout_roguey, kennysheep_boxes, hangedman_decor_lopped,
          minmay_misc_feat_enclosed
D:15:     hangedman_depths_entry_civil_slaughter, layout_rooms,
          nicolae_qazlal_scattered_showers, uniq_nessos, uniq_rupert, uniq_kirke
Lair:1:   layout_misc_corridors, portal_ice_cave_entry_imps,
          cheibrodos_lair_caveside_slide, beast_lair_carwin_2,
          serial_bayou_shore_b, infiniplex_staircase_pool_2,
          serial_bayou_shore_b
Lair:2:   layout_loops_ring, alex1729_snake_entry_snake, serial_forest,
          infiniplex_forest_clump_tiny, infiniplex_forest_end_1,
          infiniplex_forest_lined_2, infiniplex_forest_lined_3,
          infiniplex_forest_clump_C, infiniplex_forest_lined_2,
          infiniplex_forest_corner_1, grunt_forest_large_clearing_hut,
          uniq_fannar
Lair:3:   layout_chaotic_city, nicolae_swamp_entry_spooky, beast_lair_carwin_4
Lair:4:   layout_long_grid, nicolae_volcano_entry_s_turn, columned_hall_lemuel,
          lemuel_fruit_tree
Lair:5:   due_jungle_book, layout_gridlike, minmay_slime_entry_pillars,
          infiniplex_staircase_pool, serial_bayou_shore_a, serial_bayou_shore_b
Swamp:1:  layout_basic_swamp, evilmike_swamp_ruin_house_2, uniq_donald
Swamp:2:  layout_falls_marsh, hangedman_swamp_ruin_hall, uniq_nikola
Swamp:3:  layout_basic_swamp, evilmike_swamp_ruin_rubble_2
Swamp:4:  swamp, layout_basic_swamp, swamp_pool_5, nicolae_swamp_long_stream
Snake:1:  layout_cave_shapes, serial_shops, nicolae_shop_behind_doors, shop,
          shop, shop, shop, uniq_roxanne
Snake:2:  layout_concentric_octagons, serial_shops, shop, grunt_megastairs_3,
          uniq_louise, uniq_aizul
Snake:3:  layout_concentric_octagons
Snake:4:  grunt_snake_rune_serpentine_throne, layout_rooms,
          nicolae_snake_horde_hoard
Slime:1:  layout_caves
Slime:2:  layout_caves
Slime:3:  layout_caves, nicolae_slime_crime_time
Slime:4:  layout_caves
Slime:5:  slime_pit_nicolae_royal_road_to_ruin
Orc:1:    layout_diamond_mine, serial_shops, shop_coins, uniq_sonja
Orc:2:    grunt_orc_community_town_hall, layout_caves,
          grunt_orc_community_big_house_1, grunt_orc_community_big_house_1,
          grunt_orc_community_house_1, grunt_orc_community_house_1,
          grunt_orc_community_house_2, grunt_orc_community_house_1,
          grunt_orc_community_house_3, grunt_orc_community_house_3, basic_altar
Elf:1:    elf_arrival_002, layout_geoelf_grid, kennysheep_underground_church
Elf:2:    elven_hall_of_blades_hangedman_original [nicolae_blade_little_rooms],
          layout_loops_cross, special_room [special_room_mythical_zoo],
          serial_shops, bzr_entry_dummy
Elf:3:    minmay_elf_hall_statues, layout_geoelf_diagonals
Vaults:1: v_misc_8, nicolae_vaults_house_3,
          nicolae_vaults_shipping_containers_1, ontoclasm_vaults_ring_large,
          v_misc_4, nicolae_vaults_tetromino_T_1, nicolae_vaults_tangram_1,
          nicolae_vaults_double_plus_1, nicolae_vaults_tetromino_L_2,
          layout_vaults_chaotic_city, uniq_saint_roka
Vaults:2: vaults_mumra_hexcomb, grunt_vaults_bifocal,
          nicolae_vaults_trapezoid_1, ontoclasm_vaults_idyll,
          vaults_room_glass_cross, vaults_room_semicircle, vaults_mumra_hex,
          nicolae_vaults_house_1, nicolae_vaults_trapezoid_3,
          layout_vaults_omnigrid, serial_shops, nicolae_shop_waterfront
Vaults:3: vaults_room_boxed, nicolae_vaults_circle_grid_b, vaults_mumra_chevron,
          minmay_crypt_entry_skeletal_spiral, v_misc_16,
          nicolae_vaults_shrinking_rooms_2, nicolae_vaults_arrows,
          nicolae_vaults_door_testing_chamber, hangedman_vaults_nodes,
          v_misc_14, nicolae_vaults_sightless_eye,
          nicolae_vaults_offset_grid_hallway_2, nicolae_vaults_layer_cake_slice,
          nicolae_vaults_little_squares_5, nicolae_vaults_trapezoid_lopsided_1,
          nicolae_vaults_theta, vaults_dpeg_ring, layout_vaults_maze_bifur
Vaults:4: nicolae_vaults_octothorpe, nicolae_vaults_storage_closets_2,
          nicolae_vaults_six-pack, ontoclasm_vaults_shuriken,
          nicolae_vaults_three_branches, nicolae_vaults_more_shelving_2,
          ontoclasm_vaults_ring_small, v_alt_pattern_2, v_alt_pattern_1,
          vaults_room_octagon, vaults_room_stairs_pillars, vaults_room_corners,
          layout_vaults_omnibox, uniq_mara, uniq_xtahua
Vaults:5
Crypt:1:  layout_misc_corridors, basic_altar, lemuel_hellish_altar,
          grunt_megastairs_1
Crypt:2:  layout_chaotic_city
Crypt:3:  cryptofortress_bobbens
Depths:1: layout_cave_shapes, enter_ziggurat_d, hell_entry,
          roderic_lattice_octagonal_star, nicolae_trove_entry_path_of_doom,
          small_chamber_with_monster, drop_trap, minmay_misc_feat_pillars,
          hangedman_abyss_or_decor_stagger, serial_bayou_lagoon_b, uniq_norris
Depths:2: dreamdust_hydra_shepherd, layout_honeycomb,
          nicolae_hell_entry_big_baal_hell, chequers_big_river,
          rand_demon_pan_entry_8, hellmonk_guarded_unrand_seven_league_boots,
          infiniplex_staircase_split_hallway, uniq_grunn
Depths:3: dreamdust_isle_of_ice, layout_cave_pools, abyss_entry_crystal,
          grunt_hell_horde, serial_bayou_pond_e, nicolae_houndstooth_variations
Depths:4: grunt_zot_entry_pinwheel, layout_gridlike,
          serial_library_hellmonk_h_bend, pf_hell_entry_tar_river,
          nicolae_abyss_entry_one_way_or_another, lemuel_another_geyser,
          uniq_josephina
Zot:1:    layout_cathedral_of_symmetry, hangedman_zot_decor_scrapings,
          regret_index_zotdec_iron_s, grunt_megastairs_2, uniq_parghit
Zot:2:    regret_index_malice_mire, layout_twisted_circle,
          regret_index_zotdec_zees, uniq_tiamat
Zot:3:    layout_gridlike, regret_index_zotdec_wing_it
Zot:4:    layout_gridlike, regret_index_zotdec_twisting_globes
Zot:5:    layout_cellular_growth, grunt_megastairs_5

Skill      XL: |  1  2  3  4  5  6  7  8  9 10 11 12 13 14 15 16 17 18 19 20 21 22 23 24 25 26 27 |
---------------+----------------------------------------------------------------------------------+-----
Stealth        | 2 4 6 7 8 |  8.0
Conjurations   | 2 3 7 8 |  8.0
Alchemy        | 4 5 6 8 10 11 12 | 12.0
Fighting       | 1 3 4 5 8 9 12 13 16 18 20 22 24 | 24.9
Dodging        | 2 3 4 6 7 9 10 12 14 15 17 18 | 18.0
Spellcasting   | 3 4 5 6 8 10 12 13 14 15 16 | 16.0
Ice Magic      | 2 6 8 9 11 13 16 20 | 20.0
Fire Magic     | 4 |  4.0
Shields        | 5 6 |  6.0
Necromancy     | 4 5 6 8 |  8.0
Throwing       | 2 |  2.0
Invocations    | 6 8 |  8.0
Polearms       | 4 5 8 13 18 20 22 25 27 | 27.0
Hexes          | 3 4 |  4.0
Translocations | 2 |  2.0
Evocations     | 4 8 10 12 | 12.0

Action                     |  1- 3 |  4- 6 |  7- 9 | 10-12 | 13-15 | 16-18 | 19-21 | 22-24 | 25-27 || total
---------------------------+-------+-------+-------+-------+-------+-------+-------+-------+-------++-------
  Melee: Spear             |     4 |       |       |       |       |       |       |       |       ||     4
         Long sword        |       |    26 |       |       |       |       |       |       |       ||    26
         Tailslap          |       |     4 |       |       |     1 |     2 |     9 |    29 |   204 ||   249
         Staff             |       |       |       |       |     2 |    14 |    17 |    37 |       ||    70
         Trident           |       |       |       |       |       |       |   108 |    44 |       ||   152
         Lochaber axe      |       |       |       |       |       |       |       |   124 |  1144 ||  1268
   Fire: Sling             |    31 |   102 |    69 |   336 |   205 |       |       |       |       ||   743
  Throw: Dart              |       |       |       |       |     2 |     1 |     6 |       |       ||     9
         Throwing net      |       |       |       |       |       |     1 |       |     1 |     2 ||     4
         Boomerang         |       |       |       |       |       |     1 |       |     2 |       ||     3
   Cast: Sting             |    59 |    79 |   173 |    44 |   114 |   108 |    16 |    13 |       ||   606
         Olgreb's Toxic Ra |       |       |     7 |    55 |    81 |    52 |    54 |    51 |    31 ||   331
         Hailstorm         |       |       |     9 |    13 |    89 |    24 |     7 |     7 |       ||   149
         Ignite Poison     |       |       |       |    26 |    76 |    77 |    42 |    58 |    13 ||   292
         Irradiate         |       |       |       |    29 |    36 |    43 |    37 |    44 |    30 ||   219
         Sublimation of Bl |       |       |       |     4 |   223 |   242 |   627 |   496 |   201 ||  1793
         Sculpt Simulacrum |       |       |       |       |     5 |       |       |       |       ||     5
         Frozen Ramparts   |       |       |       |       |     4 |    21 |    31 |     8 |     4 ||    68
         Ozocubu's Refrige |       |       |       |       |       |    72 |   503 |   301 |   231 ||  1107
         Yara's Violent Un |       |       |       |       |       |     1 |    10 |     2 |     2 ||    15
         Blink             |       |       |       |       |       |       |     1 |     3 |       ||     4
         Eringya's Noxious |       |       |       |       |       |       |     1 |    16 |       ||    17
         Dispel Undead     |       |       |       |       |       |       |       |   261 |    26 ||   287
         Apportation       |       |       |       |       |       |       |       |     2 |     1 ||     3
 Invoke: Ancestor Identity |       |     1 |       |       |       |       |       |       |       ||     1
         Ancestor Life: Kn |       |       |     1 |       |       |       |       |       |       ||     1
         Recall Ancestor   |       |       |     1 |       |     3 |       |     2 |     4 |     7 ||    17
         Idealise          |       |       |       |     1 |       |       |       |     1 |     2 ||     4
Ability: Breathe Frost     |       |       |       |     1 |       |     1 |       |     1 |       ||     3
  Evoke: Wand              |       |       |       |     1 |       |       |     1 |       |    10 ||    12
         Phantom mirror    |       |       |       |       |       |     1 |       |       |     1 ||     2
         Lightning rod     |       |       |       |       |       |       |       |     1 |       ||     1
    Use: Potion            |       |     2 |       |     2 |     1 |     3 |     1 |     6 |    24 ||    39
         Scroll            |       |       |     6 |     4 |     4 |    13 |     2 |    10 |    28 ||    67
   Stab: Distracted        |       |       |       |       |       |       |     4 |    15 |    41 ||    60
         Sleeping          |       |       |       |       |       |       |       |     2 |    37 ||    39
         Invisible         |       |       |       |       |       |       |       |       |     9 ||     9
         Held in net/web   |       |       |       |       |       |       |       |       |     9 ||     9
 Armour: Skin              |    14 |    96 |    43 |   163 |   150 |    85 |   134 |   292 |   513 ||  1490
  Dodge: Dodged            |    19 |    80 |    35 |   152 |   113 |    81 |   130 |   398 |   951 ||  1959
         Repelled          |       |       |       |       |       |       |       |     1 |    29 ||    30
  Block: Buckler           |       |       |       |    70 |    68 |    25 |    52 |   121 |       ||   336

Table legend: (Time is in decaauts)
 A = Elapsed time spent in this place.
 B = Non-inter-level travel time spent in this place.
 C = Inter-level travel time spent in this place.
 D = Time resting spent in this place.
 E = Time spent auto-exploring this place.
 F = Levels seen in this place.
 G = Mean time per level.
                   A        B        C        D        E       F      G
               +--------+--------+--------+--------+--------+-----+--------+
         Total |  72195 |  65218 |   6977 |   5576 |  42964 |  74 |  975.6 |
       Dungeon |  17832 |  14736 |   3096 |    677 |  11209 |  15 | 1188.8 |
          Lair |   7809 |   6510 |   1299 |    557 |   3991 |   5 | 1561.8 |
         Swamp |   3428 |   3227 |    201 |    151 |   2514 |   4 |  857.0 |
     Snake Pit |   4645 |   4284 |    361 |    172 |   3238 |   4 | 1161.2 |
    Slime Pits |   2036 |   1892 |    144 |    681 |     96 |   5 |  407.2 |
  Orcish Mines |   1695 |   1588 |    107 |     22 |   1279 |   2 |  847.5 |
   Elven Halls |   4678 |   4450 |    228 |    993 |   2211 |   3 | 1559.3 |
        Vaults |   9362 |   8577 |    785 |    553 |   6049 |   5 | 1872.4 |
         Crypt |   3934 |   3853 |     81 |    132 |   2796 |   3 | 1311.3 |
        Depths |   6225 |   5781 |    444 |    272 |   4187 |   4 | 1556.2 |
           Zot |   5648 |   5420 |    228 |    279 |   4091 |   5 | 1129.6 |
         Abyss |   1253 |   1253 |      0 |     24 |      0 |   5 |  250.6 |
      Ziggurat |    786 |    786 |      0 |    121 |    485 |   8 |   98.2 |
        Bazaar |    161 |    161 |      0 |      0 |     62 |   2 |   80.5 |
         Trove |     40 |     40 |      0 |      0 |      0 |   1 |   40.0 |
         Sewer |    908 |    908 |      0 |     51 |    550 |   1 |  908.0 |
      Ice Cave |   1380 |   1380 |      0 |    704 |    204 |   1 | 1380.0 |
       Volcano |    367 |    367 |      0 |    187 |      0 |   1 |  367.0 |
               +--------+--------+--------+--------+--------+-----+--------+

Top non-repeatable levels by time:
Vaults:5: 2294 daAuts
  Lair:5: 2231 daAuts
Vaults:3: 2202 daAuts
   Elf:3: 2089 daAuts
    D:11: 2042 daAuts
Depths:2: 1864 daAuts
  Lair:2: 1791 daAuts
Depths:4: 1781 daAuts
Vaults:2: 1670 daAuts
 Crypt:3: 1631 daAuts
Vaults:1: 1615 daAuts
Vaults:4: 1578 daAuts
     D:7: 1547 daAuts
 Snake:4: 1511 daAuts
   Elf:1: 1419 daAuts
